Workbook
Name Alcool: 'nouvelle liste prix'!$R$2
Name Aromates: 'nouvelle liste prix'!$E$218:$E$231
Name Categories: 'nouvelle liste prix'!$AA$2:$AA$17
Name Céréalier: 'nouvelle liste prix'!$A$72:$A$83
Name Épices: 'nouvelle liste prix'!$A$35:$A$59
Name Fruits: 'nouvelle liste prix'!$E$2:$E$38
Name Légumes: 'nouvelle liste prix'!$E$61:$E$183
Name Liquide: 'nouvelle liste prix'!$A$99:$A$122
Name Noix_Fruits_Secs: 'nouvelle liste prix'!$A$2:$A$18
Name Pickliz: 'nouvelle liste prix'!$A$166:$A$171
Name Produit_animal: 'nouvelle liste prix'!$J$114:$J$116
Name Produit_de_la_mer: 'nouvelle liste prix'!$J$72:$J$96
Name Produit_végétal: 'nouvelle liste prix'!$E$241:$E$243
Name Produits_Laitiers: 'nouvelle liste prix'!$N$2:$N$36
Name Sec: 'nouvelle liste prix'!$A$135:$A$159
Name Viande: 'nouvelle liste prix'!$J$2:$J$29
Name Volaille: 'nouvelle liste prix'!$J$45:$J$55

Sheet nouvelle liste prix
A1: Noix et fruit séché | B1: prix | C1: unite | E1: Fruit | F1: prix | G1: unite | J1: Viande | K1: prix | L1: unite | N1: Produit laitier | O1: prix | P1: unite | R1: Alcool | S1: prix | T1: unite | AA1: Categories
A2: Abricot séché | B2: 14.09 | C2: Kg | E2: Ananas gold | F2: 3.8 | G2: unité | J2: Bacon coupé | K2: 6.33 | L2: Kg | N2: Beurre non-salée | O2: 4.95 | P2: Kg | R2: Bière | S2: 7.25 | T2: pinte | AA2: Alcool
A3: Canneberge séchée sucrée | B3: 6.94 | C3: Kg | E3: Banane mure | F3: 1.19 | G3: livre | J3: Bacon fortin | K3: 4.96 | L3: Kg | N3: Crème 35% fouetter | O3: 5.11 | P3: litre | AA3: Aromates
A4: Figue séché | B4: 11.29 | C4: Kg | E4: Banane tourner | F4: 1.19 | G4: livre | J4: Bœuf Chuckflat | K4: 17.91 | L4: Kg | N4: Crème sûre 14% | O4: 4.76 | P4: litre | AA4: Céréalier
A5: Graine de citrouille | B5: 12.26 | C5: Kg | E5: Banane verte | F5: 1.19 | G5: livre | J5: Bœuf contre-filet AA | K5: 21.33 | L5: Kg | N5: Crème sûre 18% | O5: 6.94 | P5: litre | AA5: Épices
A6: Graine de sésame blanche | B6: 14.33 | C6: Kg | E6: Bananier feuille | F6: 3.61 | G6: livre | J6: Bœuf contre-filet apf fr | K6: 18.93 | L6: Kg | N6: Fromage 14 arpent | O6: 39.53 | P6: Kg | AA6: Fruits
A7: Graine de tournesol s/écale nat | B7: 6.45 | C7: Kg | E7: Bleuet | F7: 0.57 | G7: oz | J7: Bœuf intérieur de ronde AA dénudé | K7: 12.66 | L7: kg | N7: Fromage 1608 | O7: 15.29 | P7: Kg | AA7: Légumes
A8: Noix amande bl éffilée | B8: 23.12 | C8: Kg | E8: Cantaloup | F8: 2.08 | G8: unité | J8: Bœuf pastrami fumé | K8: 12.66 | L8: Kg | N8: Fromage bleu ciel charlevoix | O8: 22.66 | P8: Kg | AA8: Liquide
A9: Noix amande bl tr | B9: 26.34 | C9: Kg | E9: Cerise | F9: 4.47 | G9: livre | J9: Boudin 3po bœuf/porc | K9: 10.71 | L9: Kg | N9: Fromage bleu ermite | O9: 12.55 | P9: Kg | AA9: Noix_Fruits_Secs
A10: Noix aveline écalée | B10: 19.11 | C10: Kg | E10: Cerise de terre Col | F10: 12.14 | G10: livre | J10: Lapin cuisse | K10: 25.01 | L10: Kg | N10: Fromage bleu fumé | O10: 15 | P10: Kg | AA10: Pickliz
A11: Noix aveline ent s/écale | B11: 39.41 | C11: Kg | E11: Cerise de terre Que | F11: 9.01 | G11: livre | J11: Pancetta | K11: 17.89 | L11: Kg | N11: Fromage bocconcini gros 100g | O11: 15.74 | P11: Kg | AA11: Produit_animal
A12: Noix cajou rotie n/salée | B12: 27.27 | C12: Kg | E12: Citron | F12: 0.54 | G12: unité | J12: Porc bajoue fumé | K12: 7.12 | L12: Kg | N12: Fromage bocconcini large 50g | O12: 18.11 | P12: Kg | AA12: Produit_de_la_mer
A13: Noix coco n/sucré moy | B13: 10.34 | C13: Kg | E13: Clementine | F13: 3.13 | G13: Kg | J13: Porc boyau | K13: 32.28 | L13: unité | N13: Fromage bocconcini mini 5g | O13: 18.37 | P13: Kg | AA13: Produit_végétal
A14: Noix grenoble demi | B14: 19.51 | C14: Kg | E14: Figue noire | F14: 1.37 | G14: unité | J14: Porc boyau | K14: 32.66 | L14: unité | N14: Fromage bocconcini moyen 30g | O14: 16.26 | P14: Kg | AA14: Produits_Laitiers
... A17: Raisin sultana | B17: 4.65 | C17: Kg | E17: Framboise Mexique | F17: 2.36 | G17: casseau | J17: Porc longe des court cov fr | K17: 6.98 | L17: Kg | N17: Fromage chèvre-vache neige | O17: 23.78 | P17: Kg | AA17: Volaille
E18: Framboise Québec | F18: 3.07 | G18: casseau | J18: Porc longe des court su | K18: 4.08 | L18: Kg | N18: fromage crème tartinable | O18: 11.82 | P18: Kg
E19: Fruit rouge mélanger | F19: 7.24 | G19: Kg | J19: Porc Nagano contre-filet fr | K19: 9.97 | L19: Kg | N19: Fromage feta | O19: 12.75 | P19: Kg
E20: Kiwi large | F20: 4 | G20: Kg | J20: Porc Nagano contre-filet su | K20: 9.49 | L20: Kg | N20: Fromage grain poutine | O20: 11.77 | P20: Kg
E21: Lime | F21: 0.39 | G21: unité | J21: Porc osso buco su Dubreton | K21: 7.2 | L21: Kg | N21: Fromage hercule | O21: 10.5 | P21: Kg
E22: Mangue | F22: 1.55 | G22: unité | J22: Porc osso buco su Fortin | K22: 6.36 | L22: Kg | N22: Fromage louis dubois | O22: 13.35 | P22: Kg
E23: Mangue ataulfo | F23: 1.26 | G23: unité | J23: Veau araignée lait su | K23: 15.26 | L23: Kg | N23: Fromage mi-carême | O23: 31.99 | P23: Kg
E24: Melon d'eau | F24: 1 | G24: livre | J24: Veau bavette grain 6oz su | K24: 18.14 | L24: Kg | N24: Fromage parmesan granna padano | O24: 3.08 | P24: Kg
E25: Melon miel | F25: 4.75 | G25: unité | J25: Veau onglet su | K25: 12.05 | L25: Kg | N25: Fromage parmesan rapé | O25: 22.43 | P25: Kg
E26: Mure | F26: 2.41 | G26: casseau | J26: Veau os moelle su | K26: 4.82 | L26: Kg | N26: Fromage pied de vent | O26: 39.53 | P26: Kg
E27: Orange | F27: 0.48 | G27: unité | J27: Veau os reg su | K27: 2.89 | L27: Kg | N27: Fromage rapé ancêtre
E28: Orange sanguine | F28: 1.36 | G28: unité | J28: Veau ris su | K28: 16.11 | L28: Kg | N28: Fromage riopelle de l'isle | O28: 29.73 | P28: Kg
E29: Pamplemousse | F29: 1.02 | G29: unité | N29: Fromage sainte nitouche | O29: 12.61 | P29: Kg
E30: Peche | F30: 2.31 | G30: litre | N30: Fromage suisse canadien | O30: 1.4 | P30: Kg
E31: Poire asiatique | F31: 0.97 | G31: unité | N31: Fromage suisse type gruyere | O31: 2.77 | P31: Kg
E32: Poire bartlett | F32: 1.83 | G32: livre | N32: Fromage tomme de monsieur seguin | O32: 13.87 | P32: Kg
E33: Pomme cortland | F33: 0.81 | G33: livre | N33: Fromage victor berthold | O33: 14.13 | P33: Kg
A34: Épices | B34: prix | C34: unite | E34: Pomme granny smith | F34: 0.38 | G34: unité | N34: Lait 2% | O34: 1.64 | P34: litre
A35: Épice ail granulé chinois | B35: 24.32 | C35: livre | E35: Pomme grenade | F35: 1.43 | G35: unité | N35: Yogourt nature 2% | O35: 2.92 | P35: Kg
A36: Épice bifteck de montreal | B36: 18.47 | C36: livre | E36: Raisin bleu sans pep | F36: 2.31 | G36: litre
A37: Épice cajun | B37: 10.66 | C37: livre | E37: Raisin rouge sans pep | F37: 3.17 | G37: livre
A38: Épice cannelle moulu | B38: 28.08 | C38: livre
A39: Épice clou de girofle ent | B39: 29.04 | C39: livre
A40: Épice coriandre craque | B40: 9.69 | C40: livre
A41: Épice coriandre moulu | B41: 8.21 | C41: livre
A42: Épice cumin grain | B42: 15.29 | C42: livre
A43: Épice cumin moulu | B43: 32.62 | C43: Kg
A44: Épice curcuma moulu | B44: 8.52 | C44: livre | J44: Volaille | K44: prix | L44: unite
A45: Épice fenouil ent | B45: 9.41 | C45: livre | J45: Caille ent royale su | K45: 16.65 | L45: Kg
A46: Épice gingembre moulu | B46: 9.09 | C46: livre | J46: Canard entier | K46: 15 | L46: Kg
A47: Épice muscade moulu | B47: 49.46 | C47: Kg | J47: Poulet cuisse a/dos | K47: 4.23 | L47: Kg
A48: Épice oignon émincé | B48: 13.49 | C48: Kg | J48: Poulet cuisse/haut des | K48: 8.18 | L48: Kg
A49: Épice oignon moulu granulé | B49: 20.51 | C49: Kg | J49: Poulet foie su | K49: 1.74 | L49: Kg
A50: Épice paprika espagnol | B50: 17.61 | C50: Kg | J50: Poulet os cou/dos su | K50: 0.33 | L50: Kg
A51: Épice paprika fumé fort | B51: 36.03 | C51: Kg | J51: Poulet pilon su | K51: 23.09 | L51: Kg
A52: Épice pavot grain | B52: 9.29 | C52: Kg | J52: Poulet poitrine des | K52: 14.89 | L52: Kg
A53: Épice poivre noir grain | B53: 38.16 | C53: Kg | J53: Poulet poitrine morceaux des s/peau | K53: 7.22 | L53: Kg
A54: Épice poivre noir moulu | B54: 42.54 | C54: Kg | J54: poulet poitrine reserve gfs des | K54: 14.73 | L54: Kg
A55: Épice poivre szechuan | B55: 28.65 | C55: livre
A56: Épice romarin feuille | B56: 40.83 | C56: Kg
A57: Épice sauge entier | B57: 17.5 | C57: livre
A58: Épice thym entier | B58: 51.25 | C58: livre
E60: Légumes | F60: prix | G60: unite
E61: Ail noir | F61: 6.5 | G61: unité
E62: Ail pelée | F62: 4.77 | G62: livre
E63: Artichaut cœur | F63: 2.75 | G63: livre
E64: Asperge large | F64: 4.25 | G64: livre
E65: Asperge large #2 | F65: 1.6 | G65: livre
E66: Aubergine 12/24s | F66: 0.93 | G66: livre
E67: Avocat hass tourne | F67: 1.62 | G67: unité
E68: Avocat mure | F68: 1.54 | G68: unité
E69: Betterave chioggia | F69: 1.78 | G69: livre
E70: Betterave chioggia mini | F70: 2.37 | G70: livre
A71: Céréalier | B71: prix | C71: unite | E71: Betterave jaune | F71: 1.31 | G71: livre | J71: Produit de la mer | K71: prix | L71: unite
A72: Couscous moyen | B72: 2.13 | C72: Kg | E72: Betterave jaune mini | F72: 2.02 | G72: livre | J72: Calmar nett chine su | K72: 13.57 | L72: Kg
A73: Couscous type jérusalem | B73: 5.4 | C73: Kg | E73: Betterave large | F73: 0.64 | G73: livre | J73: Crevette bleu cru 21/25 | K73: 9.76 | L73: livre
A74: Pain baguette | B74: 1.52 | C74: 350g | E74: Betterave medium | F74: 0.68 | G74: livre | J74: Crevette bleu tigré 6-8 Que | K74: 28.59 | L74: livre
A75: Pain miche campagne | B75: 3.16 | C75: unité | E75: Bok choy mini | F75: 2.59 | G75: livre | J75: Crevette nordique 125/175 Qc | K75: 19.94 | L75: Kg
A76: Pain pita | B76: 0.09 | C76: unité | E76: Brocoli | F76: 1.9 | G76: unité | J76: Crevette nordique 350/500 | K76: 21.93 | L76: Kg
A77: Pain tortilla mais blanc 5po | B77: 0.15 | C77: unité | E77: Carotte corn pack | F77: 0.58 | G77: livre | J77: Doré fil 6-8oz euro | K77: 16.39 | L77: Kg
A78: Pâte acini di pepe grain plomb | B78: 3.63 | C78: Kg | E78: Carotte nantaise | F78: 1.31 | G78: livre | J78: Huitre avonlea 2,5/3 | K78: 0.66 | L78: unité
A79: Pâte gnocchi ricotta | B79: 9.95 | C79: Kg | E79: Celeri 6's cal | F79: 2.18 | G79: unité | J79: Morue fil 8/16 islande | K79: 6.39 | L79: Kg
A80: Pâte mafalda 10po | B80: 4.46 | C80: Kg | E80: Celeri rave | F80: 1.5 | G80: livre | J80: Morue fil atlantique 8/16 | K80: 15.62 | L80: Kg
A81: Pâte parpadelle œuf | B81: 13.2 | C81: Kg | E81: Celeri superieur cal | F81: 2.95 | G81: unité | J81: Morue longe 4oz | K81: 12.13 | L81: Kg
A82: Pâte pizza boule 9oz | B82: 0.52 | C82: unité | E82: Champignon armillaire blanche | F82: 25 | G82: Kg | J82: Morue longe 5oz | K82: 12.95 | L82: Kg
E83: Champignon armillaire miel | F83: 35 | G83: Kg | J83: Omble chevalier fil a/p 8- | K83: 34.09 | L83: Kg
E84: Champignon bouton | F84: 3.2 | G84: livre | J84: Omble chevalier fil Qc | K84: 24.28 | L84: Kg
E85: Champignon chanterelle | F85: 35.02 | G85: Kg | J85: Palourde cuite 17/22 | K85: 8.52 | L85: Kg
E86: Champignon homard | F86: 27.8 | G86: Kg | J86: Pétoncle 10/20 | K86: 48.99 | L86: Kg
E87: Champignon king érigé | F87: 32.27 | G87: Kg | J87: Pétoncle 120/150 | K87: 21.18 | L87: Kg
E88: Champignon paris#2 | F88: 2.38 | G88: livre | J88: Pétoncle mini chinoise | K88: 17.91 | L88: Kg
E89: Champignon pleurote | F89: 8.75 | G89: livre | J89: Saumon atlantique fil des paré | K89: 19.43 | L89: Kg
E90: Champignon Shiitake | F90: 9.83 | G90: Kg | J90: Saumon port pacifique 4/5oz vac | K90: 15.41 | L90: Kg
E91: Chou fleur | F91: 4.95 | G91: unité | J91: Thon block saku 10oz yellowfin | K91: 42.71 | L91: Kg
E92: Choucroute | F92: 5.58 | G92: litre | J92: Thon pale en flocon eau | K92: 8.79 | L92: Kg
E93: Choux de bruxelle | F93: 2.95 | G93: livre | J93: Truite fil des a/p 5/6oz couche | K93: 19.29 | L93: Kg
E94: Choux rouge | F94: 3.88 | G94: unité | J94: Truite steelhead fil des | K94: 26 | L94: Kg
E95: Choux savoie | F95: 2.69 | G95: unité | J95: Turbot fil 8/12oz | K95: 21.39 | L95: Kg
E96: Choux vert | F96: 2.95 | G96: unité
E97: Choy tips | F97: 4.52 | G97: livre
A98: Liquide | B98: prix | C98: unite | E98: Citrouille mini | F98: 1.25 | G98: unité
A99: Huile de canola | B99: 1.5 | C99: litre | E99: Cocombre anglais | F99: 1.01 | G99: unité
A100: Huile olive x-vierge | B100: 7.96 | C100: litre | E100: Courge à spaghetti | F100: 2.13 | G100: unité
A101: Huile olive x-vierge pression | B101: 2.58 | C101: litre | E101: Courge buttercup | F101: 2.87 | G101: unité
A102: huile végétal | B102: 1.51 | C102: litre | E102: Courgette verte | F102: 0.71 | G102: livre
A103: Melasse | B103: 4.09 | C103: Kg | E103: Cresson | F103: 2.08 | G103: unité
...

Sheet feuille d'origine
B1: FICHE RECETTE | H1: Date:
B2: Votre nom:__________________
B4: Nom de la recette :
J5: Convertisseur temps
B6: Standard : | C6: Qté: | F6: Temps de préparation | H6: =L6/L7 -> 0 | J6: 0 | L6: =J6*L7/J7 -> 0
B7: Rendement total: | C7: Rendement total: | F7: Temps de cuisson | J7: 60 | L7: 100
B8: Portion individuelle: | F8: Température du four
F9: Salaire moyen | H9: 13
A10: Categories | B10: Ingrédients | C10: Coût un. | D10: Unité | E10: Quantité | F10: Coût total | G10: Préparation
C12: {=IFERROR(OFFSET(INDIRECT($A12),MATCH($B12,INDIRECT($A12),0)-1,1),"")} | D12: {=IFERROR(OFFSET(INDIRECT($A12),MATCH($B12,INDIRECT($A12),0)-1,2),"")} | F12: =IFERROR(E12*C12,"")
C13: {=IFERROR(OFFSET(INDIRECT($A13),MATCH($B13,INDIRECT($A13),0)-1,1),"")} | D13: {=IFERROR(OFFSET(INDIRECT($A13),MATCH($B13,INDIRECT($A13),0)-1,2),"")} | F13: =IFERROR(E13*C13,"")
C14: {=IFERROR(OFFSET(INDIRECT($A14),MATCH($B14,INDIRECT($A14),0)-1,1),"")} | D14: {=IFERROR(OFFSET(INDIRECT($A14),MATCH($B14,INDIRECT($A14),0)-1,2),"")} | F14: =IFERROR(E14*C14,"")
C15: {=IFERROR(OFFSET(INDIRECT($A15),MATCH($B15,INDIRECT($A15),0)-1,1),"")} | D15: {=IFERROR(OFFSET(INDIRECT($A15),MATCH($B15,INDIRECT($A15),0)-1,2),"")} | F15: =IFERROR(E15*C15,"")
C16: {=IFERROR(OFFSET(INDIRECT($A16),MATCH($B16,INDIRECT($A16),0)-1,1),"")} | D16: {=IFERROR(OFFSET(INDIRECT($A16),MATCH($B16,INDIRECT($A16),0)-1,2),"")} | F16: =IFERROR(E16*C16,"")
C17: {=IFERROR(OFFSET(INDIRECT($A17),MATCH($B17,INDIRECT($A17),0)-1,1),"")} | D17: {=IFERROR(OFFSET(INDIRECT($A17),MATCH($B17,INDIRECT($A17),0)-1,2),"")} | F17: =IFERROR(E17*C17,"")
C18: {=IFERROR(OFFSET(INDIRECT($A18),MATCH($B18,INDIRECT($A18),0)-1,1),"")} | D18: {=IFERROR(OFFSET(INDIRECT($A18),MATCH($B18,INDIRECT($A18),0)-1,2),"")} | F18: =IFERROR(E18*C18,"")
C19: {=IFERROR(OFFSET(INDIRECT($A19),MATCH($B19,INDIRECT($A19),0)-1,1),"")} | D19: {=IFERROR(OFFSET(INDIRECT($A19),MATCH($B19,INDIRECT($A19),0)-1,2),"")} | F19: =IFERROR(E19*C19,"")
C20: {=IFERROR(OFFSET(INDIRECT($A20),MATCH($B20,INDIRECT($A20),0)-1,1),"")} | D20: {=IFERROR(OFFSET(INDIRECT($A20),MATCH($B20,INDIRECT($A20),0)-1,2),"")} | F20: =IFERROR(E20*C20,"")
C21: {=IFERROR(OFFSET(INDIRECT($A21),MATCH($B21,INDIRECT($A21),0)-1,1),"")} | D21: {=IFERROR(OFFSET(INDIRECT($A21),MATCH($B21,INDIRECT($A21),0)-1,2),"")} | F21: =IFERROR(E21*C21,"")
C22: {=IFERROR(OFFSET(INDIRECT($A22),MATCH($B22,INDIRECT($A22),0)-1,1),"")} | D22: {=IFERROR(OFFSET(INDIRECT($A22),MATCH($B22,INDIRECT($A22),0)-1,2),"")} | F22: =IFERROR(E22*C22,"")
C23: {=IFERROR(OFFSET(INDIRECT($A23),MATCH($B23,INDIRECT($A23),0)-1,1),"")} | D23: {=IFERROR(OFFSET(INDIRECT($A23),MATCH($B23,INDIRECT($A23),0)-1,2),"")} | F23: =IFERROR(E23*C23,"")
... C33: {=IFERROR(OFFSET(INDIRECT($A33),MATCH($B33,INDIRECT($A33),0)-1,1),"")} | D33: {=IFERROR(OFFSET(INDIRECT($A33),MATCH($B33,INDIRECT($A33),0)-1,2),"")} | F33: =IFERROR(E33*C33,"")
B34: Coût de la recette | C34: =SUM(F11:F33)+C36 -> 0
B35: Coût par portion | C35: =C34/D8 -> #DIV/0!
B36: Labor Cost | C36: =H9*H6 -> 0 | D36: $total port. | E36: Coût total port. | F36: =(C36/D8)+C35 -> #DIV/0!
B37: Récipients | C37: Standard | G37: Détails:
B40: Présentation :
B43: Commentaires :

Sheet Pain au lait
B1: FICHE RECETTE | H1: Date:
B2: Votre nom:__________________
B4: Nom de la recette :
J5: Convertisseur temps
B6: Standard : | C6: Qté: | F6: Temps de préparation | H6: =L6/L7 -> 0 | J6: 0 | L6: =J6*L7/J7 -> 0
B7: Rendement total: | C7: Rendement total: | F7: Temps de cuisson | J7: 60 | L7: 100
B8: Portion individuelle: | F8: Température du four
F9: Salaire moyen | H9: 13
A10: Categories | B10: Ingrédients | C10: Coût un. | D10: Unité | E10: Quantité | F10: Coût total | G10: Préparation
C12: {=IFERROR(OFFSET(INDIRECT($A12),MATCH($B12,INDIRECT($A12),0)-1,1),"")} | D12: {=IFERROR(OFFSET(INDIRECT($A12),MATCH($B12,INDIRECT($A12),0)-1,2),"")} | F12: =IFERROR(E12*C12,"")
C13: {=IFERROR(OFFSET(INDIRECT($A13),MATCH($B13,INDIRECT($A13),0)-1,1),"")} | D13: {=IFERROR(OFFSET(INDIRECT($A13),MATCH($B13,INDIRECT($A13),0)-1,2),"")} | F13: =IFERROR(E13*C13,"")
C14: {=IFERROR(OFFSET(INDIRECT($A14),MATCH($B14,INDIRECT($A14),0)-1,1),"")} | D14: {=IFERROR(OFFSET(INDIRECT($A14),MATCH($B14,INDIRECT($A14),0)-1,2),"")} | F14: =IFERROR(E14*C14,"")
C15: {=IFERROR(OFFSET(INDIRECT($A15),MATCH($B15,INDIRECT($A15),0)-1,1),"")} | D15: {=IFERROR(OFFSET(INDIRECT($A15),MATCH($B15,INDIRECT($A15),0)-1,2),"")} | F15: =IFERROR(E15*C15,"")
C16: {=IFERROR(OFFSET(INDIRECT($A16),MATCH($B16,INDIRECT($A16),0)-1,1),"")} | D16: {=IFERROR(OFFSET(INDIRECT($A16),MATCH($B16,INDIRECT($A16),0)-1,2),"")} | F16: =IFERROR(E16*C16,"")
C17: {=IFERROR(OFFSET(INDIRECT($A17),MATCH($B17,INDIRECT($A17),0)-1,1),"")} | D17: {=IFERROR(OFFSET(INDIRECT($A17),MATCH($B17,INDIRECT($A17),0)-1,2),"")} | F17: =IFERROR(E17*C17,"")
C18: {=IFERROR(OFFSET(INDIRECT($A18),MATCH($B18,INDIRECT($A18),0)-1,1),"")} | D18: {=IFERROR(OFFSET(INDIRECT($A18),MATCH($B18,INDIRECT($A18),0)-1,2),"")} | F18: =IFERROR(E18*C18,"")
C19: {=IFERROR(OFFSET(INDIRECT($A19),MATCH($B19,INDIRECT($A19),0)-1,1),"")} | D19: {=IFERROR(OFFSET(INDIRECT($A19),MATCH($B19,INDIRECT($A19),0)-1,2),"")} | F19: =IFERROR(E19*C19,"")
C20: {=IFERROR(OFFSET(INDIRECT($A20),MATCH($B20,INDIRECT($A20),0)-1,1),"")} | D20: {=IFERROR(OFFSET(INDIRECT($A20),MATCH($B20,INDIRECT($A20),0)-1,2),"")} | F20: =IFERROR(E20*C20,"")
C21: {=IFERROR(OFFSET(INDIRECT($A21),MATCH($B21,INDIRECT($A21),0)-1,1),"")} | D21: {=IFERROR(OFFSET(INDIRECT($A21),MATCH($B21,INDIRECT($A21),0)-1,2),"")} | F21: =IFERROR(E21*C21,"")
C22: {=IFERROR(OFFSET(INDIRECT($A22),MATCH($B22,INDIRECT($A22),0)-1,1),"")} | D22: {=IFERROR(OFFSET(INDIRECT($A22),MATCH($B22,INDIRECT($A22),0)-1,2),"")} | F22: =IFERROR(E22*C22,"")
C23: {=IFERROR(OFFSET(INDIRECT($A23),MATCH($B23,INDIRECT($A23),0)-1,1),"")} | D23: {=IFERROR(OFFSET(INDIRECT($A23),MATCH($B23,INDIRECT($A23),0)-1,2),"")} | F23: =IFERROR(E23*C23,"")
... C33: {=IFERROR(OFFSET(INDIRECT($A33),MATCH($B33,INDIRECT($A33),0)-1,1),"")} | D33: {=IFERROR(OFFSET(INDIRECT($A33),MATCH($B33,INDIRECT($A33),0)-1,2),"")} | F33: =IFERROR(E33*C33,"")
B34: Coût de la recette | C34: =SUM(F11:F33)+C36 -> 0
B35: Coût par portion | C35: =C34/D8 -> #DIV/0!
B36: Labor Cost | C36: =H9*H6 -> 0 | D36: $total port. | E36: Coût total port. | F36: =(C36/D8)+C35 -> #DIV/0!
B37: Récipients | C37: Standard | G37: Détails:
B40: Présentation :
B43: Commentaires :

Sheet Tartare de truite
B1: FICHE RECETTE | H1: Date:
B2: Votre nom:__________________
B4: Nom de la recette :
J5: Convertisseur temps
B6: Standard : | C6: Qté: | F6: Temps de préparation | H6: =L6/L7 -> 0.25 | J6: 15 | L6: =J6*L7/J7 -> 25
B7: Rendement total: | C7: Rendement total: | F7: Temps de cuisson | J7: 60 | L7: 100
B8: Portion individuelle: | D8: 1 | F8: Température du four
F9: Salaire moyen | H9: 13
A10: Categories | B10: Ingrédients | C10: Coût un. | D10: Unité | E10: Quantité | F10: Coût total | G10: Préparation
A12: Produit_de_la_mer | B12: Truite steelhead fil des | C12: {=IFERROR(OFFSET(INDIRECT($A12),MATCH($B12,INDIRECT($A12),0)-1,1),"")} -> 26 | D12: {=IFERROR(OFFSET(INDIRECT($A12),MATCH($B12,INDIRECT($A12),0)-1,2),"")} -> Kg | E12: 0.12 | F12: =IFERROR(E12*C12,"") -> 3.12
A13: Légumes | B13: Échalotte sèche large | C13: {=IFERROR(OFFSET(INDIRECT($A13),MATCH($B13,INDIRECT($A13),0)-1,1),"")} -> 1.21 | D13: {=IFERROR(OFFSET(INDIRECT($A13),MATCH($B13,INDIRECT($A13),0)-1,2),"")} -> livre | E13: 0.03 | F13: =IFERROR(E13*C13,"") -> 0.0363
A14: Légumes | B14: Cocombre anglais | C14: {=IFERROR(OFFSET(INDIRECT($A14),MATCH($B14,INDIRECT($A14),0)-1,1),"")} -> 1.01 | D14: {=IFERROR(OFFSET(INDIRECT($A14),MATCH($B14,INDIRECT($A14),0)-1,2),"")} -> unité | F14: 0.04
A15: Aromates | B15: Ciboulette | C15: {=IFERROR(OFFSET(INDIRECT($A15),MATCH($B15,INDIRECT($A15),0)-1,1),"")} -> 1.12 | D15: {=IFERROR(OFFSET(INDIRECT($A15),MATCH($B15,INDIRECT($A15),0)-1,2),"")} -> unité | E15: 0.12 | F15: =IFERROR(E15*C15,"") -> 0.1344
A16: Céréalier | B16: Pain baguette | C16: {=IFERROR(OFFSET(INDIRECT($A16),MATCH($B16,INDIRECT($A16),0)-1,1),"")} -> 1.52 | D16: {=IFERROR(OFFSET(INDIRECT($A16),MATCH($B16,INDIRECT($A16),0)-1,2),"")} -> 350g | E16: 0.15 | F16: =IFERROR(E16*C16,"") -> 0.228
B17: ='Salade nappa'!C4 -> Salade nappa | C17: ='Salade nappa'!F36 -> 17.556267 | D17: 5,5 kg | F17: 0.36
B18: ='Laque à la bière'!C4 -> Laque à la bière | C18: ='Laque à la bière'!F36 -> 17.658667 | D18: litre | E18: 0.015 | F18: =IFERROR(E18*C18,"") -> 0.26488
B19: ='Vinaigrette tout-usage'!C4 -> VTU | C19: ='Vinaigrette tout-usage'!F36 -> 4.4293922 | D19: Litre | E19: 0.015 | F19: =IFERROR(E19*C19,"") -> 0.066440882
C20: {=IFERROR(OFFSET(INDIRECT($A20),MATCH($B20,INDIRECT($A20),0)-1,1),"")} | D20: {=IFERROR(OFFSET(INDIRECT($A20),MATCH($B20,INDIRECT($A20),0)-1,2),"")} | F20: =IFERROR(E20*C20,"")
C21: {=IFERROR(OFFSET(INDIRECT($A21),MATCH($B21,INDIRECT($A21),0)-1,1),"")} | D21: {=IFERROR(OFFSET(INDIRECT($A21),MATCH($B21,INDIRECT($A21),0)-1,2),"")} | F21: =IFERROR(E21*C21,"")
C22: {=IFERROR(OFFSET(INDIRECT($A22),MATCH($B22,INDIRECT($A22),0)-1,1),"")} | D22: {=IFERROR(OFFSET(INDIRECT($A22),MATCH($B22,INDIRECT($A22),0)-1,2),"")} | F22: =IFERROR(E22*C22,"")
C23: {=IFERROR(OFFSET(INDIRECT($A23),MATCH($B23,INDIRECT($A23),0)-1,1),"")} | D23: {=IFERROR(OFFSET(INDIRECT($A23),MATCH($B23,INDIRECT($A23),0)-1,2),"")} | F23: =IFERROR(E23*C23,"")
C24: {=IFERROR(OFFSET(INDIRECT($A24),MATCH($B24,INDIRECT($A24),0)-1,1),"")} | D24: {=IFERROR(OFFSET(INDIRECT($A24),MATCH($B24,INDIRECT($A24),0)-1,2),"")} | F24: =IFERROR(E24*C24,"")
C25: {=IFERROR(OFFSET(INDIRECT($A25),MATCH($B25,INDIRECT($A25),0)-1,1),"")} | D25: {=IFERROR(OFFSET(INDIRECT($A25),MATCH($B25,INDIRECT($A25),0)-1,2),"")} | F25: =IFERROR(E25*C25,"")
C26: {=IFERROR(OFFSET(INDIRECT($A26),MATCH($B26,INDIRECT($A26),0)-1,1),"")} | D26: {=IFERROR(OFFSET(INDIRECT($A26),MATCH($B26,INDIRECT($A26),0)-1,2),"")} | F26: =IFERROR(E26*C26,"")
C27: {=IFERROR(OFFSET(INDIRECT($A27),MATCH($B27,INDIRECT($A27),0)-1,1),"")} | D27: {=IFERROR(OFFSET(INDIRECT($A27),MATCH($B27,INDIRECT($A27),0)-1,2),"")} | F27: =IFERROR(E27*C27,"")
C28: {=IFERROR(OFFSET(INDIRECT($A28),MATCH($B28,INDIRECT($A28),0)-1,1),"")} | D28: {=IFERROR(OFFSET(INDIRECT($A28),MATCH($B28,INDIRECT($A28),0)-1,2),"")} | F28: =IFERROR(E28*C28,"")
C29: {=IFERROR(OFFSET(INDIRECT($A29),MATCH($B29,INDIRECT($A29),0)-1,1),"")} | D29: {=IFERROR(OFFSET(INDIRECT($A29),MATCH($B29,INDIRECT($A29),0)-1,2),"")} | F29: =IFERROR(E29*C29,"")
C30: {=IFERROR(OFFSET(INDIRECT($A30),MATCH($B30,INDIRECT($A30),0)-1,1),"")} | D30: {=IFERROR(OFFSET(INDIRECT($A30),MATCH($B30,INDIRECT($A30),0)-1,2),"")} | F30: =IFERROR(E30*C30,"")
C31: {=IFERROR(OFFSET(INDIRECT($A31),MATCH($B31,INDIRECT($A31),0)-1,1),"")} | D31: {=IFERROR(OFFSET(INDIRECT($A31),MATCH($B31,INDIRECT($A31),0)-1,2),"")} | F31: =IFERROR(E31*C31,"")
... C33: {=IFERROR(OFFSET(INDIRECT($A33),MATCH($B33,INDIRECT($A33),0)-1,1),"")} | D33: {=IFERROR(OFFSET(INDIRECT($A33),MATCH($B33,INDIRECT($A33),0)-1,2),"")} | F33: =IFERROR(E33*C33,"")
B34: Coût de la recette | C34: =SUM(F11:F33)+C36 -> 7.5000209
B35: Coût par portion | C35: =C34/D8 -> 7.5000209
B36: Labor Cost | C36: =H9*H6 -> 3.25 | D36: $total port. | E36: Coût total port. | F36: =(C36/D8)+C35 -> 10.750021
B37: Récipients | C37: Standard | G37: Détails:
B40: Présentation :
B43: Commentaires :

Sheet tartare de Boeuf
B1: FICHE RECETTE | H1: Date:
B2: Votre nom:__________________
B4: Nom de la recette :
J5: Convertisseur temps
B6: Standard : | C6: Qté: | F6: Temps de préparation | H6: =L6/L7 -> 0.25 | J6: 15 | L6: =J6*L7/J7 -> 25
B7: Rendement total: | C7: Rendement total: | F7: Temps de cuisson | J7: 60 | L7: 100
B8: Portion individuelle: | D8: 1 | F8: Température du four
F9: Salaire moyen | H9: 13
A10: Categories | B10: Ingrédients | C10: Coût un. | D10: Unité | E10: Quantité | F10: Coût total | G10: Préparation
A12: Viande | B12: Bœuf intérieur de ronde AA dénudé | C12: {=IFERROR(OFFSET(INDIRECT($A12),MATCH($B12,INDIRECT($A12),0)-1,1),"")} -> 12.66 | D12: {=IFERROR(OFFSET(INDIRECT($A12),MATCH($B12,INDIRECT($A12),0)-1,2),"")} -> kg | E12: 0.12 | F12: =IFERROR(E12*C12,"") -> 1.5192
A13: Pickliz | B13: capre capucine 8-9mm | C13: {=IFERROR(OFFSET(INDIRECT($A13),MATCH($B13,INDIRECT($A13),0)-1,1),"")} -> 5.89 | D13: {=IFERROR(OFFSET(INDIRECT($A13),MATCH($B13,INDIRECT($A13),0)-1,2),"")} -> litre | E13: 0.015 | F13: =IFERROR(E13*C13,"") -> 0.08835
A14: Céréalier | B14: Pain baguette | C14: {=IFERROR(OFFSET(INDIRECT($A14),MATCH($B14,INDIRECT($A14),0)-1,1),"")} -> 1.52 | D14: {=IFERROR(OFFSET(INDIRECT($A14),MATCH($B14,INDIRECT($A14),0)-1,2),"")} -> 350g | E14: 0.1 | F14: =IFERROR(E14*C14,"") -> 0.152
A15: Légumes | B15: Échalotte sèche large | C15: {=IFERROR(OFFSET(INDIRECT($A15),MATCH($B15,INDIRECT($A15),0)-1,1),"")} -> 1.21 | D15: {=IFERROR(OFFSET(INDIRECT($A15),MATCH($B15,INDIRECT($A15),0)-1,2),"")} -> livre | E15: 0.026 | F15: =IFERROR(E15*C15,"") -> 0.03146
A16: Aromates | B16: Ciboulette | C16: {=IFERROR(OFFSET(INDIRECT($A16),MATCH($B16,INDIRECT($A16),0)-1,1),"")} -> 1.12 | D16: {=IFERROR(OFFSET(INDIRECT($A16),MATCH($B16,INDIRECT($A16),0)-1,2),"")} -> unité | E16: 0.12 | F16: =IFERROR(E16*C16,"") -> 0.1344
B17: ='Salade verte'!C4 -> Salade verte | C17: ='Salade verte'!F36 -> 15.110467 | D17: 4,3 livre | F17: 0.54
B18: ='Laque Balsamique'!C4 -> Laque balsamique | C18: ='Laque Balsamique'!F36 -> 6.5726667 | D18: litre | E18: 0.015 | F18: =IFERROR(E18*C18,"") -> 0.09859
B19: ='Vinaigrette tout-usage'!C4 -> VTU | C19: ='Vinaigrette tout-usage'!F36 -> 4.4293922 | D19: Litre | E19: 0.015 | F19: =IFERROR(E19*C19,"") -> 0.066440882
C20: {=IFERROR(OFFSET(INDIRECT($A20),MATCH($B20,INDIRECT($A20),0)-1,1),"")} | D20: {=IFERROR(OFFSET(INDIRECT($A20),MATCH($B20,INDIRECT($A20),0)-1,2),"")} | F20: =IFERROR(E20*C20,"")
C21: {=IFERROR(OFFSET(INDIRECT($A21),MATCH($B21,INDIRECT($A21),0)-1,1),"")} | D21: {=IFERROR(OFFSET(INDIRECT($A21),MATCH($B21,INDIRECT($A21),0)-1,2),"")} | F21: =IFERROR(E21*C21,"")
C22: {=IFERROR(OFFSET(INDIRECT($A22),MATCH($B22,INDIRECT($A22),0)-1,1),"")} | D22: {=IFERROR(OFFSET(INDIRECT($A22),MATCH($B22,INDIRECT($A22),0)-1,2),"")} | F22: =IFERROR(E22*C22,"")
C23: {=IFERROR(OFFSET(INDIRECT($A23),MATCH($B23,INDIRECT($A23),0)-1,1),"")} | D23: {=IFERROR(OFFSET(INDIRECT($A23),MATCH($B23,INDIRECT($A23),0)-1,2),"")} | F23: =IFERROR(E23*C23,"")
C24: {=IFERROR(OFFSET(INDIRECT($A24),MATCH($B24,INDIRECT($A24),0)-1,1),"")} | D24: {=IFERROR(OFFSET(INDIRECT($A24),MATCH($B24,INDIRECT($A24),0)-1,2),"")} | F24: =IFERROR(E24*C24,"")
C25: {=IFERROR(OFFSET(INDIRECT($A25),MATCH($B25,INDIRECT($A25),0)-1,1),"")} | D25: {=IFERROR(OFFSET(INDIRECT($A25),MATCH($B25,INDIRECT($A25),0)-1,2),"")} | F25: =IFERROR(E25*C25,"")
C26: {=IFERROR(OFFSET(INDIRECT($A26),MATCH($B26,INDIRECT($A26),0)-1,1),"")} | D26: {=IFERROR(OFFSET(INDIRECT($A26),MATCH($B26,INDIRECT($A26),0)-1,2),"")} | F26: =IFERROR(E26*C26,"")
C27: {=IFERROR(OFFSET(INDIRECT($A27),MATCH($B27,INDIRECT($A27),0)-1,1),"")} | D27: {=IFERROR(OFFSET(INDIRECT($A27),MATCH($B27,INDIRECT($A27),0)-1,2),"")} | F27: =IFERROR(E27*C27,"")
C28: {=IFERROR(OFFSET(INDIRECT($A28),MATCH($B28,INDIRECT($A28),0)-1,1),"")} | D28: {=IFERROR(OFFSET(INDIRECT($A28),MATCH($B28,INDIRECT($A28),0)-1,2),"")} | F28: =IFERROR(E28*C28,"")
C29: {=IFERROR(OFFSET(INDIRECT($A29),MATCH($B29,INDIRECT($A29),0)-1,1),"")} | D29: {=IFERROR(OFFSET(INDIRECT($A29),MATCH($B29,INDIRECT($A29),0)-1,2),"")} | F29: =IFERROR(E29*C29,"")
C30: {=IFERROR(OFFSET(INDIRECT($A30),MATCH($B30,INDIRECT($A30),0)-1,1),"")} | D30: {=IFERROR(OFFSET(INDIRECT($A30),MATCH($B30,INDIRECT($A30),0)-1,2),"")} | F30: =IFERROR(E30*C30,"")
C31: {=IFERROR(OFFSET(INDIRECT($A31),MATCH($B31,INDIRECT($A31),0)-1,1),"")} | D31: {=IFERROR(OFFSET(INDIRECT($A31),MATCH($B31,INDIRECT($A31),0)-1,2),"")} | F31: =IFERROR(E31*C31,"")
... C33: {=IFERROR(OFFSET(INDIRECT($A33),MATCH($B33,INDIRECT($A33),0)-1,1),"")} | D33: {=IFERROR(OFFSET(INDIRECT($A33),MATCH($B33,INDIRECT($A33),0)-1,2),"")} | F33: =IFERROR(E33*C33,"")
B34: Coût de la recette | C34: =SUM(F11:F33)+C36 -> 5.8804409
B35: Coût par portion | C35: =C34/D8 -> 5.8804409
B36: Labor Cost | C36: =H9*H6 -> 3.25 | D36: $total port. | E36: Coût total port. | F36: =(C36/D8)+C35 -> 9.1304409
B37: Récipients | C37: Standard | G37: Détails:
B40: Présentation :
B43: Commentaires :

Sheet Salade nappa
B1: FICHE RECETTE | H1: Date:
B2: Votre nom:__________________
B4: Nom de la recette : | C4: Salade nappa
J5: Convertisseur temps
B6: Standard : | C6: Qté: | F6: Temps de préparation | H6: =L6/L7 -> 0.083333333 | J6: 5 | L6: =J6*L7/J7 -> 8.3333333
B7: Rendement total: | C7: Rendement total: | F7: Temps de cuisson | J7: 60 | L7: 100
B8: Portion individuelle: | D8: 1 | F8: Température du four
F9: Salaire moyen | H9: 13
A10: Categories | B10: Ingrédients | C10: Coût un. | D10: Unité | E10: Quantité | F10: Coût total | G10: Préparation
A12: Légumes | B12: Laitue nappa | C12: {=IFERROR(OFFSET(INDIRECT($A12),MATCH($B12,INDIRECT($A12),0)-1,1),"")} -> 0.76 | D12: {=IFERROR(OFFSET(INDIRECT($A12),MATCH($B12,INDIRECT($A12),0)-1,2),"")} -> livre | E12: 11.46 | F12: =IFERROR(E12*C12,"") -> 8.7096
A13: Aromates | B13: Persil | C13: {=IFERROR(OFFSET(INDIRECT($A13),MATCH($B13,INDIRECT($A13),0)-1,1),"")} -> 1.52 | D13: {=IFERROR(OFFSET(INDIRECT($A13),MATCH($B13,INDIRECT($A13),0)-1,2),"")} -> unité | E13: 1 | F13: =IFERROR(E13*C13,"") -> 1.52
A14: Aromates | B14: Ciboulette | C14: {=IFERROR(OFFSET(INDIRECT($A14),MATCH($B14,INDIRECT($A14),0)-1,1),"")} -> 1.12 | D14: {=IFERROR(OFFSET(INDIRECT($A14),MATCH($B14,INDIRECT($A14),0)-1,2),"")} -> unité | E14: 2 | F14: =IFERROR(E14*C14,"") -> 2.24
A15: Aromates | B15: Coriandre | C15: {=IFERROR(OFFSET(INDIRECT($A15),MATCH($B15,INDIRECT($A15),0)-1,1),"")} -> 1.29 | D15: {=IFERROR(OFFSET(INDIRECT($A15),MATCH($B15,INDIRECT($A15),0)-1,2),"")} -> unité | E15: 1 | F15: =IFERROR(E15*C15,"") -> 1.29
A16: Aromates | B16: Aneth | C16: {=IFERROR(OFFSET(INDIRECT($A16),MATCH($B16,INDIRECT($A16),0)-1,1),"")} -> 1.63 | D16: {=IFERROR(OFFSET(INDIRECT($A16),MATCH($B16,INDIRECT($A16),0)-1,2),"")} -> unité | E16: 1 | F16: =IFERROR(E16*C16,"") -> 1.63
C17: {=IFERROR(OFFSET(INDIRECT($A17),MATCH($B17,INDIRECT($A17),0)-1,1),"")} | D17: {=IFERROR(OFFSET(INDIRECT($A17),MATCH($B17,INDIRECT($A17),0)-1,2),"")} | F17: =IFERROR(E17*C17,"")
C18: {=IFERROR(OFFSET(INDIRECT($A18),MATCH($B18,INDIRECT($A18),0)-1,1),"")} | D18: {=IFERROR(OFFSET(INDIRECT($A18),MATCH($B18,INDIRECT($A18),0)-1,2),"")} | F18: =IFERROR(E18*C18,"")
C19: {=IFERROR(OFFSET(INDIRECT($A19),MATCH($B19,INDIRECT($A19),0)-1,1),"")} | D19: {=IFERROR(OFFSET(INDIRECT($A19),MATCH($B19,INDIRECT($A19),0)-1,2),"")} | F19: =IFERROR(E19*C19,"")
C20: {=IFERROR(OFFSET(INDIRECT($A20),MATCH($B20,INDIRECT($A20),0)-1,1),"")} | D20: {=IFERROR(OFFSET(INDIRECT($A20),MATCH($B20,INDIRECT($A20),0)-1,2),"")} | F20: =IFERROR(E20*C20,"")
C21: {=IFERROR(OFFSET(INDIRECT($A21),MATCH($B21,INDIRECT($A21),0)-1,1),"")} | D21: {=IFERROR(OFFSET(INDIRECT($A21),MATCH($B21,INDIRECT($A21),0)-1,2),"")} | F21: =IFERROR(E21*C21,"")
C22: {=IFERROR(OFFSET(INDIRECT($A22),MATCH($B22,INDIRECT($A22),0)-1,1),"")} | D22: {=IFERROR(OFFSET(INDIRECT($A22),MATCH($B22,INDIRECT($A22),0)-1,2),"")} | F22: =IFERROR(E22*C22,"")
C23: {=IFERROR(OFFSET(INDIRECT($A23),MATCH($B23,INDIRECT($A23),0)-1,1),"")} | D23: {=IFERROR(OFFSET(INDIRECT($A23),MATCH($B23,INDIRECT($A23),0)-1,2),"")} | F23: =IFERROR(E23*C23,"")
C24: {=IFERROR(OFFSET(INDIRECT($A24),MATCH($B24,INDIRECT($A24),0)-1,1),"")} | D24: {=IFERROR(OFFSET(INDIRECT($A24),MATCH($B24,INDIRECT($A24),0)-1,2),"")} | F24: =IFERROR(E24*C24,"")
C25: {=IFERROR(OFFSET(INDIRECT($A25),MATCH($B25,INDIRECT($A25),0)-1,1),"")} | D25: {=IFERROR(OFFSET(INDIRECT($A25),MATCH($B25,INDIRECT($A25),0)-1,2),"")} | F25: =IFERROR(E25*C25,"")
C26: {=IFERROR(OFFSET(INDIRECT($A26),MATCH($B26,INDIRECT($A26),0)-1,1),"")} | D26: {=IFERROR(OFFSET(INDIRECT($A26),MATCH($B26,INDIRECT($A26),0)-1,2),"")} | F26: =IFERROR(E26*C26,"")
C27: {=IFERROR(OFFSET(INDIRECT($A27),MATCH($B27,INDIRECT($A27),0)-1,1),"")} | D27: {=IFERROR(OFFSET(INDIRECT($A27),MATCH($B27,INDIRECT($A27),0)-1,2),"")} | F27: =IFERROR(E27*C27,"")
C28: {=IFERROR(OFFSET(INDIRECT($A28),MATCH($B28,INDIRECT($A28),0)-1,1),"")} | D28: {=IFERROR(OFFSET(INDIRECT($A28),MATCH($B28,INDIRECT($A28),0)-1,2),"")} | F28: =IFERROR(E28*C28,"")
... C33: {=IFERROR(OFFSET(INDIRECT($A33),MATCH($B33,INDIRECT($A33),0)-1,1),"")} | D33: {=IFERROR(OFFSET(INDIRECT($A33),MATCH($B33,INDIRECT($A33),0)-1,2),"")} | F33: =IFERROR(E33*C33,"")
B34: Coût de la recette | C34: =SUM(F11:F33)+C36 -> 16.472933
B35: Coût par portion | C35: =C34/D8 -> 16.472933
B36: Labor Cost | C36: =H9*H6 -> 1.0833333 | D36: $total port. | E36: Coût total port. | F36: =(C36/D8)+C35 -> 17.556267
B37: Récipients | C37: Standard | G37: Détails:
B40: Présentation :
B43: Commentaires :

Sheet Salade verte
B1: FICHE RECETTE | H1: Date:
B2: Votre nom:__________________
B4: Nom de la recette : | C4: Salade verte
J5: Convertisseur temps
B6: Standard : | C6: Qté: | F6: Temps de préparation | H6: =L6/L7 -> 0.083333333 | J6: 5 | L6: =J6*L7/J7 -> 8.3333333
B7: Rendement total: | C7: Rendement total: | F7: Temps de cuisson | J7: 60 | L7: 100
B8: Portion individuelle: | D8: 1 | F8: Température du four
F9: Salaire moyen | H9: 13
A10: Categories | B10: Ingrédients | C10: Coût un. | D10: Unité | E10: Quantité | F10: Coût total | G10: Préparation
A12: Légumes | B12: Laitue mesclun | C12: {=IFERROR(OFFSET(INDIRECT($A12),MATCH($B12,INDIRECT($A12),0)-1,1),"")} -> 3.55 | D12: {=IFERROR(OFFSET(INDIRECT($A12),MATCH($B12,INDIRECT($A12),0)-1,2),"")} -> livre | E12: 3 | F12: =IFERROR(E12*C12,"") -> 10.65
A13: Légumes | B13: Carotte corn pack | C13: {=IFERROR(OFFSET(INDIRECT($A13),MATCH($B13,INDIRECT($A13),0)-1,1),"")} -> 0.58 | D13: {=IFERROR(OFFSET(INDIRECT($A13),MATCH($B13,INDIRECT($A13),0)-1,2),"")} -> livre | E13: 0.61 | F13: =IFERROR(E13*C13,"") -> 0.3538
A14: Légumes | B14: Choux rouge | C14: {=IFERROR(OFFSET(INDIRECT($A14),MATCH($B14,INDIRECT($A14),0)-1,1),"")} -> 3.88 | D14: {=IFERROR(OFFSET(INDIRECT($A14),MATCH($B14,INDIRECT($A14),0)-1,2),"")} -> unité | E14: 0.5 | F14: =IFERROR(E14*C14,"") -> 1.94
C15: {=IFERROR(OFFSET(INDIRECT($A15),MATCH($B15,INDIRECT($A15),0)-1,1),"")} | D15: {=IFERROR(OFFSET(INDIRECT($A15),MATCH($B15,INDIRECT($A15),0)-1,2),"")} | F15: =IFERROR(E15*C15,"")
C16: {=IFERROR(OFFSET(INDIRECT($A16),MATCH($B16,INDIRECT($A16),0)-1,1),"")} | D16: {=IFERROR(OFFSET(INDIRECT($A16),MATCH($B16,INDIRECT($A16),0)-1,2),"")} | F16: =IFERROR(E16*C16,"")
C17: {=IFERROR(OFFSET(INDIRECT($A17),MATCH($B17,INDIRECT($A17),0)-1,1),"")} | D17: {=IFERROR(OFFSET(INDIRECT($A17),MATCH($B17,INDIRECT($A17),0)-1,2),"")} | F17: =IFERROR(E17*C17,"")
C18: {=IFERROR(OFFSET(INDIRECT($A18),MATCH($B18,INDIRECT($A18),0)-1,1),"")} | D18: {=IFERROR(OFFSET(INDIRECT($A18),MATCH($B18,INDIRECT($A18),0)-1,2),"")} | F18: =IFERROR(E18*C18,"")
C19: {=IFERROR(OFFSET(INDIRECT($A19),MATCH($B19,INDIRECT($A19),0)-1,1),"")} | D19: {=IFERROR(OFFSET(INDIRECT($A19),MATCH($B19,INDIRECT($A19),0)-1,2),"")} | F19: =IFERROR(E19*C19,"")
C20: {=IFERROR(OFFSET(INDIRECT($A20),MATCH($B20,INDIRECT($A20),0)-1,1),"")} | D20: {=IFERROR(OFFSET(INDIRECT($A20),MATCH($B20,INDIRECT($A20),0)-1,2),"")} | F20: =IFERROR(E20*C20,"")
C21: {=IFERROR(OFFSET(INDIRECT($A21),MATCH($B21,INDIRECT($A21),0)-1,1),"")} | D21: {=IFERROR(OFFSET(INDIRECT($A21),MATCH($B21,INDIRECT($A21),0)-1,2),"")} | F21: =IFERROR(E21*C21,"")
C22: {=IFERROR(OFFSET(INDIRECT($A22),MATCH($B22,INDIRECT($A22),0)-1,1),"")} | D22: {=IFERROR(OFFSET(INDIRECT($A22),MATCH($B22,INDIRECT($A22),0)-1,2),"")} | F22: =IFERROR(E22*C22,"")
C23: {=IFERROR(OFFSET(INDIRECT($A23),MATCH($B23,INDIRECT($A23),0)-1,1),"")} | D23: {=IFERROR(OFFSET(INDIRECT($A23),MATCH($B23,INDIRECT($A23),0)-1,2),"")} | F23: =IFERROR(E23*C23,"")
C24: {=IFERROR(OFFSET(INDIRECT($A24),MATCH($B24,INDIRECT($A24),0)-1,1),"")} | D24: {=IFERROR(OFFSET(INDIRECT($A24),MATCH($B24,INDIRECT($A24),0)-1,2),"")} | F24: =IFERROR(E24*C24,"")
C25: {=IFERROR(OFFSET(INDIRECT($A25),MATCH($B25,INDIRECT($A25),0)-1,1),"")} | D25: {=IFERROR(OFFSET(INDIRECT($A25),MATCH($B25,INDIRECT($A25),0)-1,2),"")} | F25: =IFERROR(E25*C25,"")
C26: {=IFERROR(OFFSET(INDIRECT($A26),MATCH($B26,INDIRECT($A26),0)-1,1),"")} | D26: {=IFERROR(OFFSET(INDIRECT($A26),MATCH($B26,INDIRECT($A26),0)-1,2),"")} | F26: =IFERROR(E26*C26,"")
... C33: {=IFERROR(OFFSET(INDIRECT($A33),MATCH($B33,INDIRECT($A33),0)-1,1),"")} | D33: {=IFERROR(OFFSET(INDIRECT($A33),MATCH($B33,INDIRECT($A33),0)-1,2),"")} | F33: =IFERROR(E33*C33,"")
B34: Coût de la recette | C34: =SUM(F11:F33)+C36 -> 14.027133
B35: Coût par portion | C35: =C34/D8 -> 14.027133
B36: Labor Cost | C36: =H9*H6 -> 1.0833333 | D36: $total port. | E36: Coût total port. | F36: =(C36/D8)+C35 -> 15.110467
B37: Récipients | C37: Standard | G37: Détails:
B40: Présentation :
B43: Commentaires :

Sheet Vinaigrette tout-usage
B1: FICHE RECETTE | H1: Date:
B2: Votre nom:__________________
B4: Nom de la recette : | C4: VTU
J5: Convertisseur temps
B6: Standard : | C6: Qté: | F6: Temps de préparation | H6: =L6/L7 -> 0.083333333 | J6: 5 | L6: =J6*L7/J7 -> 8.3333333
B7: Rendement total: | C7: Rendement total: | F7: Temps de cuisson | J7: 60 | L7: 100
B8: Portion individuelle: | D8: 8.5 | F8: Température du four
F9: Salaire moyen | H9: 13
A10: Categories | B10: Ingrédients | C10: Coût un. | D10: Unité | E10: Quantité | F10: Coût total | G10: Préparation
A12: Liquide | B12: huile végétal | C12: {=IFERROR(OFFSET(INDIRECT($A12),MATCH($B12,INDIRECT($A12),0)-1,1),"")} -> 1.51 | D12: {=IFERROR(OFFSET(INDIRECT($A12),MATCH($B12,INDIRECT($A12),0)-1,2),"")} -> litre | E12: 5 | F12: =IFERROR(E12*C12,"") -> 7.55
A13: Liquide | B13: Vinaigre vin blanc | C13: {=IFERROR(OFFSET(INDIRECT($A13),MATCH($B13,INDIRECT($A13),0)-1,1),"")} -> 1.75 | D13: {=IFERROR(OFFSET(INDIRECT($A13),MATCH($B13,INDIRECT($A13),0)-1,2),"")} -> litre | E13: 2 | F13: =IFERROR(E13*C13,"") -> 3.5
A14: Aromates | B14: Houblon | C14: {=IFERROR(OFFSET(INDIRECT($A14),MATCH($B14,INDIRECT($A14),0)-1,1),"")} -> 2.59 | D14: {=IFERROR(OFFSET(INDIRECT($A14),MATCH($B14,INDIRECT($A14),0)-1,2),"")} -> oz | E14: 1.8 | F14: =IFERROR(E14*C14,"") -> 4.662
A15: Liquide | B15: Moutarde ancienne meaux | C15: {=IFERROR(OFFSET(INDIRECT($A15),MATCH($B15,INDIRECT($A15),0)-1,1),"")} -> 4.25 | D15: {=IFERROR(OFFSET(INDIRECT($A15),MATCH($B15,INDIRECT($A15),0)-1,2),"")} -> litre | E15: 0.25 | F15: =IFERROR(E15*C15,"") -> 1.0625
A16: Liquide | B16: Moutarde dijon forte | C16: {=IFERROR(OFFSET(INDIRECT($A16),MATCH($B16,INDIRECT($A16),0)-1,1),"")} -> 4.2 | D16: {=IFERROR(OFFSET(INDIRECT($A16),MATCH($B16,INDIRECT($A16),0)-1,2),"")} -> litre | E16: 0.25 | F16: =IFERROR(E16*C16,"") -> 1.05
B17: ='Laque à la bière'!C4 -> Laque à la bière | C17: ='Laque à la bière'!F36 -> 17.658667 | D17: Litre | E17: 1 | F17: =IFERROR(E17*C17,"") -> 17.658667
C18: {=IFERROR(OFFSET(INDIRECT($A18),MATCH($B18,INDIRECT($A18),0)-1,1),"")} | D18: {=IFERROR(OFFSET(INDIRECT($A18),MATCH($B18,INDIRECT($A18),0)-1,2),"")} | F18: =IFERROR(E18*C18,"")
C19: {=IFERROR(OFFSET(INDIRECT($A19),MATCH($B19,INDIRECT($A19),0)-1,1),"")} | D19: {=IFERROR(OFFSET(INDIRECT($A19),MATCH($B19,INDIRECT($A19),0)-1,2),"")} | F19: =IFERROR(E19*C19,"")
C20: {=IFERROR(OFFSET(INDIRECT($A20),MATCH($B20,INDIRECT($A20),0)-1,1),"")} | D20: {=IFERROR(OFFSET(INDIRECT($A20),MATCH($B20,INDIRECT($A20),0)-1,2),"")} | F20: =IFERROR(E20*C20,"")
C21: {=IFERROR(OFFSET(INDIRECT($A21),MATCH($B21,INDIRECT($A21),0)-1,1),"")} | D21: {=IFERROR(OFFSET(INDIRECT($A21),MATCH($B21,INDIRECT($A21),0)-1,2),"")} | F21: =IFERROR(E21*C21,"")
C22: {=IFERROR(OFFSET(INDIRECT($A22),MATCH($B22,INDIRECT($A22),0)-1,1),"")} | D22: {=IFERROR(OFFSET(INDIRECT($A22),MATCH($B22,INDIRECT($A22),0)-1,2),"")} | F22: =IFERROR(E22*C22,"")
C23: {=IFERROR(OFFSET(INDIRECT($A23),MATCH($B23,INDIRECT($A23),0)-1,1),"")} | D23: {=IFERROR(OFFSET(INDIRECT($A23),MATCH($B23,INDIRECT($A23),0)-1,2),"")} | F23: =IFERROR(E23*C23,"")
C24: {=IFERROR(OFFSET(INDIRECT($A24),MATCH($B24,INDIRECT($A24),0)-1,1),"")} | D24: {=IFERROR(OFFSET(INDIRECT($A24),MATCH($B24,INDIRECT($A24),0)-1,2),"")} | F24: =IFERROR(E24*C24,"")
C25: {=IFERROR(OFFSET(INDIRECT($A25),MATCH($B25,INDIRECT($A25),0)-1,1),"")} | D25: {=IFERROR(OFFSET(INDIRECT($A25),MATCH($B25,INDIRECT($A25),0)-1,2),"")} | F25: =IFERROR(E25*C25,"")
C26: {=IFERROR(OFFSET(INDIRECT($A26),MATCH($B26,INDIRECT($A26),0)-1,1),"")} | D26: {=IFERROR(OFFSET(INDIRECT($A26),MATCH($B26,INDIRECT($A26),0)-1,2),"")} | F26: =IFERROR(E26*C26,"")
C27: {=IFERROR(OFFSET(INDIRECT($A27),MATCH($B27,INDIRECT($A27),0)-1,1),"")} | D27: {=IFERROR(OFFSET(INDIRECT($A27),MATCH($B27,INDIRECT($A27),0)-1,2),"")} | F27: =IFERROR(E27*C27,"")
C28: {=IFERROR(OFFSET(INDIRECT($A28),MATCH($B28,INDIRECT($A28),0)-1,1),"")} | D28: {=IFERROR(OFFSET(INDIRECT($A28),MATCH($B28,INDIRECT($A28),0)-1,2),"")} | F28: =IFERROR(E28*C28,"")
C29: {=IFERROR(OFFSET(INDIRECT($A29),MATCH($B29,INDIRECT($A29),0)-1,1),"")} | D29: {=IFERROR(OFFSET(INDIRECT($A29),MATCH($B29,INDIRECT($A29),0)-1,2),"")} | F29: =IFERROR(E29*C29,"")
... C33: {=IFERROR(OFFSET(INDIRECT($A33),MATCH($B33,INDIRECT($A33),0)-1,1),"")} | D33: {=IFERROR(OFFSET(INDIRECT($A33),MATCH($B33,INDIRECT($A33),0)-1,2),"")} | F33: =IFERROR(E33*C33,"")
B34: Coût de la recette | C34: =SUM(F11:F33)+C36 -> 36.5665
B35: Coût par portion | C35: =C34/D8 -> 4.3019412
B36: Labor Cost | C36: =H9*H6 -> 1.0833333 | D36: $total port. | E36: Coût total port. | F36: =(C36/D8)+C35 -> 4.4293922
B37: Récipients | C37: Standard | G37: Détails:
B40: Présentation :
B43: Commentaires :

Sheet Faux fallafels
B1: FICHE RECETTE | H1: Date:
B2: Votre nom:__________________
B4: Nom de la recette :
J5: Convertisseur temps
B6: Standard : | C6: Qté: | F6: Temps de préparation | H6: =L6/L7 -> 0.16666667 | J6: 10 | L6: =J6*L7/J7 -> 16.666667
B7: Rendement total: | C7: Rendement total: | F7: Temps de cuisson | J7: 60 | L7: 100
B8: Portion individuelle: | F8: Température du four
F9: Salaire moyen | H9: 13
A10: Categories | B10: Ingrédients | C10: Coût un. | D10: Unité | E10: Quantité | F10: Coût total | G10: Préparation
A12: Légumes | B12: Patate douce | C12: {=IFERROR(OFFSET(INDIRECT($A12),MATCH($B12,INDIRECT($A12),0)-1,1),"")} -> 0.59 | D12: {=IFERROR(OFFSET(INDIRECT($A12),MATCH($B12,INDIRECT($A12),0)-1,2),"")} -> livre | E12: 5 | F12: =IFERROR(E12*C12,"") -> 2.95
A13: Sec | B13: Pois chiche | C13: {=IFERROR(OFFSET(INDIRECT($A13),MATCH($B13,INDIRECT($A13),0)-1,1),"")} -> 2.96 | D13: {=IFERROR(OFFSET(INDIRECT($A13),MATCH($B13,INDIRECT($A13),0)-1,2),"")} -> Kg | E13: 3.78 | F13: =IFERROR(E13*C13,"") -> 11.1888
A14: Aromates | B14: Coriandre | C14: {=IFERROR(OFFSET(INDIRECT($A14),MATCH($B14,INDIRECT($A14),0)-1,1),"")} -> 1.29 | D14: {=IFERROR(OFFSET(INDIRECT($A14),MATCH($B14,INDIRECT($A14),0)-1,2),"")} -> unité | E14: 5 | F14: =IFERROR(E14*C14,"") -> 6.45
A15: Aromates | B15: Persil | C15: {=IFERROR(OFFSET(INDIRECT($A15),MATCH($B15,INDIRECT($A15),0)-1,1),"")} -> 1.52 | D15: {=IFERROR(OFFSET(INDIRECT($A15),MATCH($B15,INDIRECT($A15),0)-1,2),"")} -> unité | E15: 4 | F15: =IFERROR(E15*C15,"") -> 6.08
A16: Épices | B16: Épice cumin moulu | C16: {=IFERROR(OFFSET(INDIRECT($A16),MATCH($B16,INDIRECT($A16),0)-1,1),"")} -> 32.62 | D16: {=IFERROR(OFFSET(INDIRECT($A16),MATCH($B16,INDIRECT($A16),0)-1,2),"")} -> Kg | E16: 0.076 | F16: =IFERROR(E16*C16,"") -> 2.47912
A17: Liquide | B17: Sauce sriracha | C17: {=IFERROR(OFFSET(INDIRECT($A17),MATCH($B17,INDIRECT($A17),0)-1,1),"")} -> 5 | D17: {=IFERROR(OFFSET(INDIRECT($A17),MATCH($B17,INDIRECT($A17),0)-1,2),"")} -> litre | E17: 0.15 | F17: =IFERROR(E17*C17,"") -> 0.75
A18: Légumes | B18: Gingembre racine | C18: {=IFERROR(OFFSET(INDIRECT($A18),MATCH($B18,INDIRECT($A18),0)-1,1),"")} -> 3.65 | D18: {=IFERROR(OFFSET(INDIRECT($A18),MATCH($B18,INDIRECT($A18),0)-1,2),"")} -> livre | E18: 0.39 | F18: =IFERROR(E18*C18,"") -> 1.4235
A19: Fruits | B19: Citron | C19: {=IFERROR(OFFSET(INDIRECT($A19),MATCH($B19,INDIRECT($A19),0)-1,1),"")} -> 0.54 | D19: {=IFERROR(OFFSET(INDIRECT($A19),MATCH($B19,INDIRECT($A19),0)-1,2),"")} -> unité | E19: 6 | F19: =IFERROR(E19*C19,"") -> 3.24
A20: Légumes | B20: Ail pelée | C20: {=IFERROR(OFFSET(INDIRECT($A20),MATCH($B20,INDIRECT($A20),0)-1,1),"")} -> 4.77 | D20: {=IFERROR(OFFSET(INDIRECT($A20),MATCH($B20,INDIRECT($A20),0)-1,2),"")} -> livre | E20: 0.16 | F20: =IFERROR(E20*C20,"") -> 0.7632
A21: Sec | B21: Farine de mais | C21: {=IFERROR(OFFSET(INDIRECT($A21),MATCH($B21,INDIRECT($A21),0)-1,1),"")} -> 0 | D21: {=IFERROR(OFFSET(INDIRECT($A21),MATCH($B21,INDIRECT($A21),0)-1,2),"")} -> 0 | F21: =IFERROR(E21*C21,"") -> 0
A22: Sec | B22: Farine de pois chiche | C22: {=IFERROR(OFFSET(INDIRECT($A22),MATCH($B22,INDIRECT($A22),0)-1,1),"")} -> 0 | D22: {=IFERROR(OFFSET(INDIRECT($A22),MATCH($B22,INDIRECT($A22),0)-1,2),"")} -> 0 | F22: =IFERROR(E22*C22,"") -> 0
C23: {=IFERROR(OFFSET(INDIRECT($A23),MATCH($B23,INDIRECT($A23),0)-1,1),"")} | D23: {=IFERROR(OFFSET(INDIRECT($A23),MATCH($B23,INDIRECT($A23),0)-1,2),"")} | F23: =IFERROR(E23*C23,"")
C24: {=IFERROR(OFFSET(INDIRECT($A24),MATCH($B24,INDIRECT($A24),0)-1,1),"")} | D24: {=IFERROR(OFFSET(INDIRECT($A24),MATCH($B24,INDIRECT($A24),0)-1,2),"")} | F24: =IFERROR(E24*C24,"")
C25: {=IFERROR(OFFSET(INDIRECT($A25),MATCH($B25,INDIRECT($A25),0)-1,1),"")} | D25: {=IFERROR(OFFSET(INDIRECT($A25),MATCH($B25,INDIRECT($A25),0)-1,2),"")} | F25: =IFERROR(E25*C25,"")
C26: {=IFERROR(OFFSET(INDIRECT($A26),MATCH($B26,INDIRECT($A26),0)-1,1),"")} | D26: {=IFERROR(OFFSET(INDIRECT($A26),MATCH($B26,INDIRECT($A26),0)-1,2),"")} | F26: =IFERROR(E26*C26,"")
C27: {=IFERROR(OFFSET(INDIRECT($A27),MATCH($B27,INDIRECT($A27),0)-1,1),"")} | D27: {=IFERROR(OFFSET(INDIRECT($A27),MATCH($B27,INDIRECT($A27),0)-1,2),"")} | F27: =IFERROR(E27*C27,"")
C28: {=IFERROR(OFFSET(INDIRECT($A28),MATCH($B28,INDIRECT($A28),0)-1,1),"")} | D28: {=IFERROR(OFFSET(INDIRECT($A28),MATCH($B28,INDIRECT($A28),0)-1,2),"")} | F28: =IFERROR(E28*C28,"")
C29: {=IFERROR(OFFSET(INDIRECT($A29),MATCH($B29,INDIRECT($A29),0)-1,1),"")} | D29: {=IFERROR(OFFSET(INDIRECT($A29),MATCH($B29,INDIRECT($A29),0)-1,2),"")} | F29: =IFERROR(E29*C29,"")
C30: {=IFERROR(OFFSET(INDIRECT($A30),MATCH($B30,INDIRECT($A30),0)-1,1),"")} | D30: {=IFERROR(OFFSET(INDIRECT($A30),MATCH($B30,INDIRECT($A30),0)-1,2),"")} | F30: =IFERROR(E30*C30,"")
C31: {=IFERROR(OFFSET(INDIRECT($A31),MATCH($B31,INDIRECT($A31),0)-1,1),"")} | D31: {=IFERROR(OFFSET(INDIRECT($A31),MATCH($B31,INDIRECT($A31),0)-1,2),"")} | F31: =IFERROR(E31*C31,"")
C32: {=IFERROR(OFFSET(INDIRECT($A32),MATCH($B32,INDIRECT($A32),0)-1,1),"")} | D32: {=IFERROR(OFFSET(INDIRECT($A32),MATCH($B32,INDIRECT($A32),0)-1,2),"")} | F32: =IFERROR(E32*C32,"")
C33: {=IFERROR(OFFSET(INDIRECT($A33),MATCH($B33,INDIRECT($A33),0)-1,1),"")} | D33: {=IFERROR(OFFSET(INDIRECT($A33),MATCH($B33,INDIRECT($A33),0)-1,2),"")} | F33: =IFERROR(E33*C33,"")
B34: Coût de la recette | C34: =SUM(F11:F33)+C36 -> 37.491287
B35: Coût par portion | C35: =C34/D8 -> #DIV/0!
B36: Labor Cost | C36: =H9*H6 -> 2.1666667 | D36: $total port. | E36: Coût total port. | F36: =(C36/D8)+C35 -> #DIV/0!
B37: Récipients | C37: Standard | G37: Détails:
B40: Présentation :
B43: Commentaires :

Sheet ScotchEgg
B1: FICHE RECETTE | H1: Date:
B2: Votre nom:__________________
B4: Nom de la recette :
J5: Convertisseur temps
B6: Standard : | C6: Qté: | F6: Temps de préparation | H6: =L6/L7 -> 4 | J6: 240 | L6: =J6*L7/J7 -> 400
B7: Rendement total: | C7: Rendement total: | F7: Temps de cuisson | J7: 60 | L7: 100
B8: Portion individuelle: | F8: Température du four
F9: Salaire moyen | H9: 13
A10: Categories | B10: Ingrédients | C10: Coût un. | D10: Unité | E10: Quantité | F10: Coût total | G10: Préparation
A12: Sec | B12: Sel fin highgrade n/iode | C12: {=IFERROR(OFFSET(INDIRECT($A12),MATCH($B12,INDIRECT($A12),0)-1,1),"")} -> 0.5 | D12: {=IFERROR(OFFSET(INDIRECT($A12),MATCH($B12,INDIRECT($A12),0)-1,2),"")} -> Kg | F12: =IFERROR(E12*C12,"") -> 0
A13: Épices | B13: Épice poivre noir moulu | C13: {=IFERROR(OFFSET(INDIRECT($A13),MATCH($B13,INDIRECT($A13),0)-1,1),"")} -> 42.54 | D13: {=IFERROR(OFFSET(INDIRECT($A13),MATCH($B13,INDIRECT($A13),0)-1,2),"")} -> Kg | F13: =IFERROR(E13*C13,"") -> 0
A14: Légumes | B14: Ail pelée | C14: {=IFERROR(OFFSET(INDIRECT($A14),MATCH($B14,INDIRECT($A14),0)-1,1),"")} -> 4.77 | D14: {=IFERROR(OFFSET(INDIRECT($A14),MATCH($B14,INDIRECT($A14),0)-1,2),"")} -> livre | F14: =IFERROR(E14*C14,"") -> 0
A15: Épices | B15: Épice oignon émincé | C15: {=IFERROR(OFFSET(INDIRECT($A15),MATCH($B15,INDIRECT($A15),0)-1,1),"")} -> 13.49 | D15: {=IFERROR(OFFSET(INDIRECT($A15),MATCH($B15,INDIRECT($A15),0)-1,2),"")} -> Kg | F15: =IFERROR(E15*C15,"") -> 0
A16: Céréalier | B16: Pain baguette | C16: {=IFERROR(OFFSET(INDIRECT($A16),MATCH($B16,INDIRECT($A16),0)-1,1),"")} -> 1.52 | D16: {=IFERROR(OFFSET(INDIRECT($A16),MATCH($B16,INDIRECT($A16),0)-1,2),"")} -> 350g | E16: 4.11 | F16: =IFERROR(E16*C16,"") -> 6.2472
A17: Épices | B17: Épice fenouil ent | C17: {=IFERROR(OFFSET(INDIRECT($A17),MATCH($B17,INDIRECT($A17),0)-1,1),"")} -> 9.41 | D17: {=IFERROR(OFFSET(INDIRECT($A17),MATCH($B17,INDIRECT($A17),0)-1,2),"")} -> livre | F17: =IFERROR(E17*C17,"") -> 0
A18: Épices | B18: Épice paprika espagnol | C18: {=IFERROR(OFFSET(INDIRECT($A18),MATCH($B18,INDIRECT($A18),0)-1,1),"")} -> 17.61 | D18: {=IFERROR(OFFSET(INDIRECT($A18),MATCH($B18,INDIRECT($A18),0)-1,2),"")} -> Kg | F18: =IFERROR(E18*C18,"") -> 0
A19: Épices | C19: {=IFERROR(OFFSET(INDIRECT($A19),MATCH($B19,INDIRECT($A19),0)-1,1),"")} | D19: {=IFERROR(OFFSET(INDIRECT($A19),MATCH($B19,INDIRECT($A19),0)-1,2),"")} | F19: =IFERROR(E19*C19,"")
A20: Liquide | B20: Vin de table blanc | C20: {=IFERROR(OFFSET(INDIRECT($A20),MATCH($B20,INDIRECT($A20),0)-1,1),"")} -> 1.46 | D20: {=IFERROR(OFFSET(INDIRECT($A20),MATCH($B20,INDIRECT($A20),0)-1,2),"")} -> litre | F20: =IFERROR(E20*C20,"") -> 0
A21: Produit_animal | B21: Œuf moyen | C21: {=IFERROR(OFFSET(INDIRECT($A21),MATCH($B21,INDIRECT($A21),0)-1,1),"")} -> 0.19 | D21: {=IFERROR(OFFSET(INDIRECT($A21),MATCH($B21,INDIRECT($A21),0)-1,2),"")} -> unité | F21: =IFERROR(E21*C21,"") -> 0
A22: Liquide | B22: Moutarde dijon forte | C22: {=IFERROR(OFFSET(INDIRECT($A22),MATCH($B22,INDIRECT($A22),0)-1,1),"")} -> 4.2 | D22: {=IFERROR(OFFSET(INDIRECT($A22),MATCH($B22,INDIRECT($A22),0)-1,2),"")} -> litre | F22: =IFERROR(E22*C22,"") -> 0
A23: Viande | C23: {=IFERROR(OFFSET(INDIRECT($A23),MATCH($B23,INDIRECT($A23),0)-1,1),"")} | D23: {=IFERROR(OFFSET(INDIRECT($A23),MATCH($B23,INDIRECT($A23),0)-1,2),"")} | F23: =IFERROR(E23*C23,"")
C24: {=IFERROR(OFFSET(INDIRECT($A24),MATCH($B24,INDIRECT($A24),0)-1,1),"")} | D24: {=IFERROR(OFFSET(INDIRECT($A24),MATCH($B24,INDIRECT($A24),0)-1,2),"")} | F24: =IFERROR(E24*C24,"")
C25: {=IFERROR(OFFSET(INDIRECT($A25),MATCH($B25,INDIRECT($A25),0)-1,1),"")} | D25: {=IFERROR(OFFSET(INDIRECT($A25),MATCH($B25,INDIRECT($A25),0)-1,2),"")} | F25: =IFERROR(E25*C25,"")
C26: {=IFERROR(OFFSET(INDIRECT($A26),MATCH($B26,INDIRECT($A26),0)-1,1),"")} | D26: {=IFERROR(OFFSET(INDIRECT($A26),MATCH($B26,INDIRECT($A26),0)-1,2),"")} | F26: =IFERROR(E26*C26,"")
C27: {=IFERROR(OFFSET(INDIRECT($A27),MATCH($B27,INDIRECT($A27),0)-1,1),"")} | D27: {=IFERROR(OFFSET(INDIRECT($A27),MATCH($B27,INDIRECT($A27),0)-1,2),"")} | F27: =IFERROR(E27*C27,"")
C28: {=IFERROR(OFFSET(INDIRECT($A28),MATCH($B28,INDIRECT($A28),0)-1,1),"")} | D28: {=IFERROR(OFFSET(INDIRECT($A28),MATCH($B28,INDIRECT($A28),0)-1,2),"")} | F28: =IFERROR(E28*C28,"")
C29: {=IFERROR(OFFSET(INDIRECT($A29),MATCH($B29,INDIRECT($A29),0)-1,1),"")} | D29: {=IFERROR(OFFSET(INDIRECT($A29),MATCH($B29,INDIRECT($A29),0)-1,2),"")} | F29: =IFERROR(E29*C29,"")
C30: {=IFERROR(OFFSET(INDIRECT($A30),MATCH($B30,INDIRECT($A30),0)-1,1),"")} | D30: {=IFERROR(OFFSET(INDIRECT($A30),MATCH($B30,INDIRECT($A30),0)-1,2),"")} | F30: =IFERROR(E30*C30,"")
C31: {=IFERROR(OFFSET(INDIRECT($A31),MATCH($B31,INDIRECT($A31),0)-1,1),"")} | D31: {=IFERROR(OFFSET(INDIRECT($A31),MATCH($B31,INDIRECT($A31),0)-1,2),"")} | F31: =IFERROR(E31*C31,"")
C32: {=IFERROR(OFFSET(INDIRECT($A32),MATCH($B32,INDIRECT($A32),0)-1,1),"")} | D32: {=IFERROR(OFFSET(INDIRECT($A32),MATCH($B32,INDIRECT($A32),0)-1,2),"")} | F32: =IFERROR(E32*C32,"")
C33: {=IFERROR(OFFSET(INDIRECT($A33),MATCH($B33,INDIRECT($A33),0)-1,1),"")} | D33: {=IFERROR(OFFSET(INDIRECT($A33),MATCH($B33,INDIRECT($A33),0)-1,2),"")} | F33: =IFERROR(E33*C33,"")
B34: Coût de la recette | C34: =SUM(F11:F33)+C36 -> 58.2472
B35: Coût par portion | C35: =C34/D8 -> #DIV/0!
B36: Labor Cost | C36: =H9*H6 -> 52 | D36: $total port. | E36: Coût total port. | F36: =(C36/D8)+C35 -> #DIV/0!
B37: Récipients | C37: Standard | G37: Détails:
B40: Présentation :
B43: Commentaires :

Sheet Malakof
B1: FICHE RECETTE | H1: Date:
B2: Votre nom:__________________
B4: Nom de la recette :
J5: Convertisseur temps
B6: Standard : | C6: Qté: | F6: Temps de préparation | H6: =L6/L7 -> 4 | J6: 240 | L6: =J6*L7/J7 -> 400
B7: Rendement total: | C7: Rendement total: | F7: Temps de cuisson | J7: 60 | L7: 100
B8: Portion individuelle: | F8: Température du four
F9: Salaire moyen | H9: 13
A10: Categories | B10: Ingrédients | C10: Coût un. | D10: Unité | E10: Quantité | F10: Coût total | G10: Préparation
A12: Produits_Laitiers | C12: {=IFERROR(OFFSET(INDIRECT($A12),MATCH($B12,INDIRECT($A12),0)-1,1),"")} | D12: {=IFERROR(OFFSET(INDIRECT($A12),MATCH($B12,INDIRECT($A12),0)-1,2),"")} | E12: 0.9 | F12: =IFERROR(E12*C12,"")
A13: Produit_animal | B13: Œuf moyen | C13: {=IFERROR(OFFSET(INDIRECT($A13),MATCH($B13,INDIRECT($A13),0)-1,1),"")} -> 0.19 | D13: {=IFERROR(OFFSET(INDIRECT($A13),MATCH($B13,INDIRECT($A13),0)-1,2),"")} -> unité | E13: 2 | F13: =IFERROR(E13*C13,"") -> 0.38
A14: Liquide | B14: Vin de table blanc | C14: {=IFERROR(OFFSET(INDIRECT($A14),MATCH($B14,INDIRECT($A14),0)-1,1),"")} -> 1.46 | D14: {=IFERROR(OFFSET(INDIRECT($A14),MATCH($B14,INDIRECT($A14),0)-1,2),"")} -> litre | E14: 1 | F14: =IFERROR(E14*C14,"") -> 1.46
A15: Sec | B15: Farine tout-usage | C15: {=IFERROR(OFFSET(INDIRECT($A15),MATCH($B15,INDIRECT($A15),0)-1,1),"")} -> 1.02 | D15: {=IFERROR(OFFSET(INDIRECT($A15),MATCH($B15,INDIRECT($A15),0)-1,2),"")} -> Kg | E15: 0.4 | F15: =IFERROR(E15*C15,"") -> 0.408
A16: Céréalier | B16: Pain baguette | C16: {=IFERROR(OFFSET(INDIRECT($A16),MATCH($B16,INDIRECT($A16),0)-1,1),"")} -> 1.52 | D16: {=IFERROR(OFFSET(INDIRECT($A16),MATCH($B16,INDIRECT($A16),0)-1,2),"")} -> 350g | F16: =IFERROR(E16*C16,"") -> 0
C17: {=IFERROR(OFFSET(INDIRECT($A17),MATCH($B17,INDIRECT($A17),0)-1,1),"")} | D17: {=IFERROR(OFFSET(INDIRECT($A17),MATCH($B17,INDIRECT($A17),0)-1,2),"")} | F17: =IFERROR(E17*C17,"")
C18: {=IFERROR(OFFSET(INDIRECT($A18),MATCH($B18,INDIRECT($A18),0)-1,1),"")} | D18: {=IFERROR(OFFSET(INDIRECT($A18),MATCH($B18,INDIRECT($A18),0)-1,2),"")} | F18: =IFERROR(E18*C18,"")
C19: {=IFERROR(OFFSET(INDIRECT($A19),MATCH($B19,INDIRECT($A19),0)-1,1),"")} | D19: {=IFERROR(OFFSET(INDIRECT($A19),MATCH($B19,INDIRECT($A19),0)-1,2),"")} | F19: =IFERROR(E19*C19,"")
C20: {=IFERROR(OFFSET(INDIRECT($A20),MATCH($B20,INDIRECT($A20),0)-1,1),"")} | D20: {=IFERROR(OFFSET(INDIRECT($A20),MATCH($B20,INDIRECT($A20),0)-1,2),"")} | F20: =IFERROR(E20*C20,"")
C21: {=IFERROR(OFFSET(INDIRECT($A21),MATCH($B21,INDIRECT($A21),0)-1,1),"")} | D21: {=IFERROR(OFFSET(INDIRECT($A21),MATCH($B21,INDIRECT($A21),0)-1,2),"")} | F21: =IFERROR(E21*C21,"")
C22: {=IFERROR(OFFSET(INDIRECT($A22),MATCH($B22,INDIRECT($A22),0)-1,1),"")} | D22: {=IFERROR(OFFSET(INDIRECT($A22),MATCH($B22,INDIRECT($A22),0)-1,2),"")} | F22: =IFERROR(E22*C22,"")
C23: {=IFERROR(OFFSET(INDIRECT($A23),MATCH($B23,INDIRECT($A23),0)-1,1),"")} | D23: {=IFERROR(OFFSET(INDIRECT($A23),MATCH($B23,INDIRECT($A23),0)-1,2),"")} | F23: =IFERROR(E23*C23,"")
C24: {=IFERROR(OFFSET(INDIRECT($A24),MATCH($B24,INDIRECT($A24),0)-1,1),"")} | D24: {=IFERROR(OFFSET(INDIRECT($A24),MATCH($B24,INDIRECT($A24),0)-1,2),"")} | F24: =IFERROR(E24*C24,"")
C25: {=IFERROR(OFFSET(INDIRECT($A25),MATCH($B25,INDIRECT($A25),0)-1,1),"")} | D25: {=IFERROR(OFFSET(INDIRECT($A25),MATCH($B25,INDIRECT($A25),0)-1,2),"")} | F25: =IFERROR(E25*C25,"")
C26: {=IFERROR(OFFSET(INDIRECT($A26),MATCH($B26,INDIRECT($A26),0)-1,1),"")} | D26: {=IFERROR(OFFSET(INDIRECT($A26),MATCH($B26,INDIRECT($A26),0)-1,2),"")} | F26: =IFERROR(E26*C26,"")
C27: {=IFERROR(OFFSET(INDIRECT($A27),MATCH($B27,INDIRECT($A27),0)-1,1),"")} | D27: {=IFERROR(OFFSET(INDIRECT($A27),MATCH($B27,INDIRECT($A27),0)-1,2),"")} | F27: =IFERROR(E27*C27,"")
C28: {=IFERROR(OFFSET(INDIRECT($A28),MATCH($B28,INDIRECT($A28),0)-1,1),"")} | D28: {=IFERROR(OFFSET(INDIRECT($A28),MATCH($B28,INDIRECT($A28),0)-1,2),"")} | F28: =IFERROR(E28*C28,"")
... C33: {=IFERROR(OFFSET(INDIRECT($A33),MATCH($B33,INDIRECT($A33),0)-1,1),"")} | D33: {=IFERROR(OFFSET(INDIRECT($A33),MATCH($B33,INDIRECT($A33),0)-1,2),"")} | F33: =IFERROR(E33*C33,"")
B34: Coût de la recette | C34: =SUM(F11:F33)+C36 -> 54.248
B35: Coût par portion | C35: =C34/D8 -> #DIV/0!
B36: Labor Cost | C36: =H9*H6 -> 52 | D36: $total port. | E36: Coût total port. | F36: =(C36/D8)+C35 -> #DIV/0!
B37: Récipients | C37: Standard | G37: Détails:
B40: Présentation :
B43: Commentaires :

Sheet Brownies
B1: FICHE RECETTE | H1: Date:
B2: Votre nom:__________________
B4: Nom de la recette :
J5: Convertisseur temps
B6: Standard : | C6: Qté: | F6: Temps de préparation | H6: =L6/L7 -> 0.16666667 | J6: 10 | L6: =J6*L7/J7 -> 16.666667
B7: Rendement total: | C7: Rendement total: | F7: Temps de cuisson | J7: 60 | L7: 100
B8: Portion individuelle: | F8: Température du four
F9: Salaire moyen | H9: 13
A10: Categories | B10: Ingrédients | C10: Coût un. | D10: Unité | E10: Quantité | F10: Coût total | G10: Préparation
A12: Sec | B12: Chocolat couv noir mi-amère | C12: {=IFERROR(OFFSET(INDIRECT($A12),MATCH($B12,INDIRECT($A12),0)-1,1),"")} -> 5.58 | D12: {=IFERROR(OFFSET(INDIRECT($A12),MATCH($B12,INDIRECT($A12),0)-1,2),"")} -> Kg | E12: 1.2 | F12: =IFERROR(E12*C12,"") -> 6.696
A13: Produits_Laitiers | B13: Beurre non-salée | C13: {=IFERROR(OFFSET(INDIRECT($A13),MATCH($B13,INDIRECT($A13),0)-1,1),"")} -> 4.95 | D13: {=IFERROR(OFFSET(INDIRECT($A13),MATCH($B13,INDIRECT($A13),0)-1,2),"")} -> Kg | E13: 1.362 | F13: =IFERROR(E13*C13,"") -> 6.7419
A14: Produit_animal | B14: Œuf moyen | C14: {=IFERROR(OFFSET(INDIRECT($A14),MATCH($B14,INDIRECT($A14),0)-1,1),"")} -> 0.19 | D14: {=IFERROR(OFFSET(INDIRECT($A14),MATCH($B14,INDIRECT($A14),0)-1,2),"")} -> unité | E14: 16 | F14: =IFERROR(E14*C14,"") -> 3.04
A15: Sec | B15: Sucre fin | C15: {=IFERROR(OFFSET(INDIRECT($A15),MATCH($B15,INDIRECT($A15),0)-1,1),"")} -> 1.24 | D15: {=IFERROR(OFFSET(INDIRECT($A15),MATCH($B15,INDIRECT($A15),0)-1,2),"")} -> Kg | E15: 1.2 | F15: =IFERROR(E15*C15,"") -> 1.488
A16: Sec | B16: Farine tout-usage | C16: {=IFERROR(OFFSET(INDIRECT($A16),MATCH($B16,INDIRECT($A16),0)-1,1),"")} -> 1.02 | D16: {=IFERROR(OFFSET(INDIRECT($A16),MATCH($B16,INDIRECT($A16),0)-1,2),"")} -> Kg | E16: 0.5 | F16: =IFERROR(E16*C16,"") -> 0.51
A17: Sec | B17: Sel fin highgrade n/iode | C17: {=IFERROR(OFFSET(INDIRECT($A17),MATCH($B17,INDIRECT($A17),0)-1,1),"")} -> 0.5 | D17: {=IFERROR(OFFSET(INDIRECT($A17),MATCH($B17,INDIRECT($A17),0)-1,2),"")} -> Kg | E17: 0.001 | F17: =IFERROR(E17*C17,"") -> 0.0005
A18: Sec | B18: Chocolat couv blanc | C18: {=IFERROR(OFFSET(INDIRECT($A18),MATCH($B18,INDIRECT($A18),0)-1,1),"")} -> 4.53 | D18: {=IFERROR(OFFSET(INDIRECT($A18),MATCH($B18,INDIRECT($A18),0)-1,2),"")} -> Kg | E18: 0.07 | F18: =IFERROR(E18*C18,"") -> 0.3171
A19: Sec | B19: Chocolat couv lait lactée sup | C19: {=IFERROR(OFFSET(INDIRECT($A19),MATCH($B19,INDIRECT($A19),0)-1,1),"")} -> 4.73 | D19: {=IFERROR(OFFSET(INDIRECT($A19),MATCH($B19,INDIRECT($A19),0)-1,2),"")} -> Kg | E19: 0.07 | F19: =IFERROR(E19*C19,"") -> 0.3311
A20: Sec | B20: Chocolat couv noir mi-amère | C20: {=IFERROR(OFFSET(INDIRECT($A20),MATCH($B20,INDIRECT($A20),0)-1,1),"")} -> 5.58 | D20: {=IFERROR(OFFSET(INDIRECT($A20),MATCH($B20,INDIRECT($A20),0)-1,2),"")} -> Kg | E20: 0.07 | F20: =IFERROR(E20*C20,"") -> 0.3906
A21: Sec | B21: Chocolat caramilk | C21: {=IFERROR(OFFSET(INDIRECT($A21),MATCH($B21,INDIRECT($A21),0)-1,1),"")} -> 0.21 | D21: {=IFERROR(OFFSET(INDIRECT($A21),MATCH($B21,INDIRECT($A21),0)-1,2),"")} -> unité | E21: 2 | F21: =IFERROR(E21*C21,"") -> 0.42
A22: Sec | B22: Bretzel | C22: {=IFERROR(OFFSET(INDIRECT($A22),MATCH($B22,INDIRECT($A22),0)-1,1),"")} -> 5.93 | D22: {=IFERROR(OFFSET(INDIRECT($A22),MATCH($B22,INDIRECT($A22),0)-1,2),"")} -> Kg | E22: 0.07 | F22: =IFERROR(E22*C22,"") -> 0.4151
C23: {=IFERROR(OFFSET(INDIRECT($A23),MATCH($B23,INDIRECT($A23),0)-1,1),"")} | D23: {=IFERROR(OFFSET(INDIRECT($A23),MATCH($B23,INDIRECT($A23),0)-1,2),"")} | F23: =IFERROR(E23*C23,"")
C24: {=IFERROR(OFFSET(INDIRECT($A24),MATCH($B24,INDIRECT($A24),0)-1,1),"")} | D24: {=IFERROR(OFFSET(INDIRECT($A24),MATCH($B24,INDIRECT($A24),0)-1,2),"")} | F24: =IFERROR(E24*C24,"")
C25: {=IFERROR(OFFSET(INDIRECT($A25),MATCH($B25,INDIRECT($A25),0)-1,1),"")} | D25: {=IFERROR(OFFSET(INDIRECT($A25),MATCH($B25,INDIRECT($A25),0)-1,2),"")} | F25: =IFERROR(E25*C25,"")
C26: {=IFERROR(OFFSET(INDIRECT($A26),MATCH($B26,INDIRECT($A26),0)-1,1),"")} | D26: {=IFERROR(OFFSET(INDIRECT($A26),MATCH($B26,INDIRECT($A26),0)-1,2),"")} | F26: =IFERROR(E26*C26,"")
C27: {=IFERROR(OFFSET(INDIRECT($A27),MATCH($B27,INDIRECT($A27),0)-1,1),"")} | D27: {=IFERROR(OFFSET(INDIRECT($A27),MATCH($B27,INDIRECT($A27),0)-1,2),"")} | F27: =IFERROR(E27*C27,"")
C28: {=IFERROR(OFFSET(INDIRECT($A28),MATCH($B28,INDIRECT($A28),0)-1,1),"")} | D28: {=IFERROR(OFFSET(INDIRECT($A28),MATCH($B28,INDIRECT($A28),0)-1,2),"")} | F28: =IFERROR(E28*C28,"")
C29: {=IFERROR(OFFSET(INDIRECT($A29),MATCH($B29,INDIRECT($A29),0)-1,1),"")} | D29: {=IFERROR(OFFSET(INDIRECT($A29),MATCH($B29,INDIRECT($A29),0)-1,2),"")} | F29: =IFERROR(E29*C29,"")
C30: {=IFERROR(OFFSET(INDIRECT($A30),MATCH($B30,INDIRECT($A30),0)-1,1),"")} | D30: {=IFERROR(OFFSET(INDIRECT($A30),MATCH($B30,INDIRECT($A30),0)-1,2),"")} | F30: =IFERROR(E30*C30,"")
C31: {=IFERROR(OFFSET(INDIRECT($A31),MATCH($B31,INDIRECT($A31),0)-1,1),"")} | D31: {=IFERROR(OFFSET(INDIRECT($A31),MATCH($B31,INDIRECT($A31),0)-1,2),"")} | F31: =IFERROR(E31*C31,"")
C32: {=IFERROR(OFFSET(INDIRECT($A32),MATCH($B32,INDIRECT($A32),0)-1,1),"")} | D32: {=IFERROR(OFFSET(INDIRECT($A32),MATCH($B32,INDIRECT($A32),0)-1,2),"")} | F32: =IFERROR(E32*C32,"")
C33: {=IFERROR(OFFSET(INDIRECT($A33),MATCH($B33,INDIRECT($A33),0)-1,1),"")} | D33: {=IFERROR(OFFSET(INDIRECT($A33),MATCH($B33,INDIRECT($A33),0)-1,2),"")} | F33: =IFERROR(E33*C33,"")
B34: Coût de la recette | C34: =SUM(F11:F33)+C36 -> 22.516967
B35: Coût par portion | C35: =C34/D8 -> #DIV/0!
B36: Labor Cost | C36: =H9*H6 -> 2.1666667 | D36: $total port. | E36: Coût total port. | F36: =(C36/D8)+C35 -> #DIV/0!
B37: Récipients | C37: Standard | G37: Détails:
B40: Présentation :
B43: Commentaires :

Sheet crème brulée
B1: FICHE RECETTE | H1: Date:
B2: Votre nom:__________________
B4: Nom de la recette :
J5: Convertisseur temps
B6: Standard : | C6: Qté: | F6: Temps de préparation | H6: =L6/L7 -> 0.16666667 | J6: 10 | L6: =J6*L7/J7 -> 16.666667
B7: Rendement total: | C7: Rendement total: | F7: Temps de cuisson | J7: 60 | L7: 100
B8: Portion individuelle: | F8: Température du four
F9: Salaire moyen | H9: 13
A10: Categories | B10: Ingrédients | C10: Coût un. | D10: Unité | E10: Quantité | F10: Coût total | G10: Préparation
A12: Produit_animal | B12: Œuf moyen | C12: {=IFERROR(OFFSET(INDIRECT($A12),MATCH($B12,INDIRECT($A12),0)-1,1),"")} -> 0.19 | D12: {=IFERROR(OFFSET(INDIRECT($A12),MATCH($B12,INDIRECT($A12),0)-1,2),"")} -> unité | E12: 36 | F12: =IFERROR(E12*C12,"") -> 6.84
A13: Produits_Laitiers | B13: Crème 35% fouetter | C13: {=IFERROR(OFFSET(INDIRECT($A13),MATCH($B13,INDIRECT($A13),0)-1,1),"")} -> 5.11 | D13: {=IFERROR(OFFSET(INDIRECT($A13),MATCH($B13,INDIRECT($A13),0)-1,2),"")} -> litre | E13: 1.5 | F13: =IFERROR(E13*C13,"") -> 7.665
A14: Sec | B14: Sucre fin | C14: {=IFERROR(OFFSET(INDIRECT($A14),MATCH($B14,INDIRECT($A14),0)-1,1),"")} -> 1.24 | D14: {=IFERROR(OFFSET(INDIRECT($A14),MATCH($B14,INDIRECT($A14),0)-1,2),"")} -> Kg | E14: 0.6 | F14: =IFERROR(E14*C14,"") -> 0.744
C15: {=IFERROR(OFFSET(INDIRECT($A15),MATCH($B15,INDIRECT($A15),0)-1,1),"")} | D15: {=IFERROR(OFFSET(INDIRECT($A15),MATCH($B15,INDIRECT($A15),0)-1,2),"")} | F15: =IFERROR(E15*C15,"")
C16: {=IFERROR(OFFSET(INDIRECT($A16),MATCH($B16,INDIRECT($A16),0)-1,1),"")} | D16: {=IFERROR(OFFSET(INDIRECT($A16),MATCH($B16,INDIRECT($A16),0)-1,2),"")} | F16: =IFERROR(E16*C16,"")
C17: {=IFERROR(OFFSET(INDIRECT($A17),MATCH($B17,INDIRECT($A17),0)-1,1),"")} | D17: {=IFERROR(OFFSET(INDIRECT($A17),MATCH($B17,INDIRECT($A17),0)-1,2),"")} | F17: =IFERROR(E17*C17,"")
C18: {=IFERROR(OFFSET(INDIRECT($A18),MATCH($B18,INDIRECT($A18),0)-1,1),"")} | D18: {=IFERROR(OFFSET(INDIRECT($A18),MATCH($B18,INDIRECT($A18),0)-1,2),"")} | F18: =IFERROR(E18*C18,"")
C19: {=IFERROR(OFFSET(INDIRECT($A19),MATCH($B19,INDIRECT($A19),0)-1,1),"")} | D19: {=IFERROR(OFFSET(INDIRECT($A19),MATCH($B19,INDIRECT($A19),0)-1,2),"")} | F19: =IFERROR(E19*C19,"")
C20: {=IFERROR(OFFSET(INDIRECT($A20),MATCH($B20,INDIRECT($A20),0)-1,1),"")} | D20: {=IFERROR(OFFSET(INDIRECT($A20),MATCH($B20,INDIRECT($A20),0)-1,2),"")} | F20: =IFERROR(E20*C20,"")
C21: {=IFERROR(OFFSET(INDIRECT($A21),MATCH($B21,INDIRECT($A21),0)-1,1),"")} | D21: {=IFERROR(OFFSET(INDIRECT($A21),MATCH($B21,INDIRECT($A21),0)-1,2),"")} | F21: =IFERROR(E21*C21,"")
C22: {=IFERROR(OFFSET(INDIRECT($A22),MATCH($B22,INDIRECT($A22),0)-1,1),"")} | D22: {=IFERROR(OFFSET(INDIRECT($A22),MATCH($B22,INDIRECT($A22),0)-1,2),"")} | F22: =IFERROR(E22*C22,"")
C23: {=IFERROR(OFFSET(INDIRECT($A23),MATCH($B23,INDIRECT($A23),0)-1,1),"")} | D23: {=IFERROR(OFFSET(INDIRECT($A23),MATCH($B23,INDIRECT($A23),0)-1,2),"")} | F23: =IFERROR(E23*C23,"")
C24: {=IFERROR(OFFSET(INDIRECT($A24),MATCH($B24,INDIRECT($A24),0)-1,1),"")} | D24: {=IFERROR(OFFSET(INDIRECT($A24),MATCH($B24,INDIRECT($A24),0)-1,2),"")} | F24: =IFERROR(E24*C24,"")
C25: {=IFERROR(OFFSET(INDIRECT($A25),MATCH($B25,INDIRECT($A25),0)-1,1),"")} | D25: {=IFERROR(OFFSET(INDIRECT($A25),MATCH($B25,INDIRECT($A25),0)-1,2),"")} | F25: =IFERROR(E25*C25,"")
C26: {=IFERROR(OFFSET(INDIRECT($A26),MATCH($B26,INDIRECT($A26),0)-1,1),"")} | D26: {=IFERROR(OFFSET(INDIRECT($A26),MATCH($B26,INDIRECT($A26),0)-1,2),"")} | F26: =IFERROR(E26*C26,"")
... C33: {=IFERROR(OFFSET(INDIRECT($A33),MATCH($B33,INDIRECT($A33),0)-1,1),"")} | D33: {=IFERROR(OFFSET(INDIRECT($A33),MATCH($B33,INDIRECT($A33),0)-1,2),"")} | F33: =IFERROR(E33*C33,"")
B34: Coût de la recette | C34: =SUM(F11:F33)+C36 -> 17.415667
B35: Coût par portion | C35: =C34/D8 -> #DIV/0!
B36: Labor Cost | C36: =H9*H6 -> 2.1666667 | D36: $total port. | E36: Coût total port. | F36: =(C36/D8)+C35 -> #DIV/0!
B37: Récipients | C37: Standard | G37: Détails:
B40: Présentation :
B43: Commentaires :

Sheet Scones cheddar bacon
B1: FICHE RECETTE | H1: Date:
B2: Votre nom:__________________
B4: Nom de la recette :
J5: Convertisseur temps
B6: Standard : | C6: Qté: | F6: Temps de préparation | H6: =L6/L7 -> 0.16666667 | J6: 10 | L6: =J6*L7/J7 -> 16.666667
B7: Rendement total: | C7: Rendement total: | F7: Temps de cuisson | J7: 60 | L7: 100
B8: Portion individuelle: | D8: 32 | F8: Température du four
F9: Salaire moyen | H9: 13
A10: Categories | B10: Ingrédients | C10: Coût un. | D10: Unité | E10: Quantité | F10: Coût total | G10: Préparation
A12: Sec | B12: Farine tout-usage | C12: {=IFERROR(OFFSET(INDIRECT($A12),MATCH($B12,INDIRECT($A12),0)-1,1),"")} -> 1.02 | D12: {=IFERROR(OFFSET(INDIRECT($A12),MATCH($B12,INDIRECT($A12),0)-1,2),"")} -> Kg | E12: 1.2 | F12: =IFERROR(E12*C12,"") -> 1.224
A13: Sec | B13: Poudre à pâte | C13: {=IFERROR(OFFSET(INDIRECT($A13),MATCH($B13,INDIRECT($A13),0)-1,1),"")} -> 5.61 | D13: {=IFERROR(OFFSET(INDIRECT($A13),MATCH($B13,INDIRECT($A13),0)-1,2),"")} -> Kg | E13: 0.065 | F13: =IFERROR(E13*C13,"") -> 0.36465
A14: Sec | B14: Sucre fin | C14: {=IFERROR(OFFSET(INDIRECT($A14),MATCH($B14,INDIRECT($A14),0)-1,1),"")} -> 1.24 | D14: {=IFERROR(OFFSET(INDIRECT($A14),MATCH($B14,INDIRECT($A14),0)-1,2),"")} -> Kg | E14: 0.055 | F14: =IFERROR(E14*C14,"") -> 0.0682
A15: Épices | C15: {=IFERROR(OFFSET(INDIRECT($A15),MATCH($B15,INDIRECT($A15),0)-1,1),"")} | D15: {=IFERROR(OFFSET(INDIRECT($A15),MATCH($B15,INDIRECT($A15),0)-1,2),"")} | F15: =IFERROR(E15*C15,"")
A16: Sec | B16: Sel fin highgrade n/iode | C16: {=IFERROR(OFFSET(INDIRECT($A16),MATCH($B16,INDIRECT($A16),0)-1,1),"")} -> 0.5 | D16: {=IFERROR(OFFSET(INDIRECT($A16),MATCH($B16,INDIRECT($A16),0)-1,2),"")} -> Kg | E16: 0.005 | F16: =IFERROR(E16*C16,"") -> 0.0025
A17: Produits_Laitiers | B17: Lait 2% | C17: {=IFERROR(OFFSET(INDIRECT($A17),MATCH($B17,INDIRECT($A17),0)-1,1),"")} -> 1.64 | D17: {=IFERROR(OFFSET(INDIRECT($A17),MATCH($B17,INDIRECT($A17),0)-1,2),"")} -> litre | E17: 0.75 | F17: =IFERROR(E17*C17,"") -> 1.23
A18: Liquide | B18: Vinaigre blanc | C18: {=IFERROR(OFFSET(INDIRECT($A18),MATCH($B18,INDIRECT($A18),0)-1,1),"")} -> 0.77 | D18: {=IFERROR(OFFSET(INDIRECT($A18),MATCH($B18,INDIRECT($A18),0)-1,2),"")} -> litre | E18: 0.045 | F18: =IFERROR(E18*C18,"") -> 0.03465
A19: Produits_Laitiers | B19: Beurre non-salée | C19: {=IFERROR(OFFSET(INDIRECT($A19),MATCH($B19,INDIRECT($A19),0)-1,1),"")} -> 4.95 | D19: {=IFERROR(OFFSET(INDIRECT($A19),MATCH($B19,INDIRECT($A19),0)-1,2),"")} -> Kg | E19: 0.454 | F19: =IFERROR(E19*C19,"") -> 2.2473
A20: Produits_Laitiers | B20: Fromage rapé ancêtre | C20: {=IFERROR(OFFSET(INDIRECT($A20),MATCH($B20,INDIRECT($A20),0)-1,1),"")} -> 0 | D20: {=IFERROR(OFFSET(INDIRECT($A20),MATCH($B20,INDIRECT($A20),0)-1,2),"")} -> 0 | F20: =IFERROR(E20*C20,"") -> 0
A21: Viande | B21: Bacon fortin | C21: {=IFERROR(OFFSET(INDIRECT($A21),MATCH($B21,INDIRECT($A21),0)-1,1),"")} -> 4.96 | D21: {=IFERROR(OFFSET(INDIRECT($A21),MATCH($B21,INDIRECT($A21),0)-1,2),"")} -> Kg | F21: =IFERROR(E21*C21,"") -> 0
A22: Aromates | B22: Thym | C22: {=IFERROR(OFFSET(INDIRECT($A22),MATCH($B22,INDIRECT($A22),0)-1,1),"")} -> 1.85 | D22: {=IFERROR(OFFSET(INDIRECT($A22),MATCH($B22,INDIRECT($A22),0)-1,2),"")} -> unité | E22: 0.25 | F22: =IFERROR(E22*C22,"") -> 0.4625
C23: {=IFERROR(OFFSET(INDIRECT($A23),MATCH($B23,INDIRECT($A23),0)-1,1),"")} | D23: {=IFERROR(OFFSET(INDIRECT($A23),MATCH($B23,INDIRECT($A23),0)-1,2),"")} | F23: =IFERROR(E23*C23,"")
C24: {=IFERROR(OFFSET(INDIRECT($A24),MATCH($B24,INDIRECT($A24),0)-1,1),"")} | D24: {=IFERROR(OFFSET(INDIRECT($A24),MATCH($B24,INDIRECT($A24),0)-1,2),"")} | F24: =IFERROR(E24*C24,"")
C25: {=IFERROR(OFFSET(INDIRECT($A25),MATCH($B25,INDIRECT($A25),0)-1,1),"")} | D25: {=IFERROR(OFFSET(INDIRECT($A25),MATCH($B25,INDIRECT($A25),0)-1,2),"")} | F25: =IFERROR(E25*C25,"")
C26: {=IFERROR(OFFSET(INDIRECT($A26),MATCH($B26,INDIRECT($A26),0)-1,1),"")} | D26: {=IFERROR(OFFSET(INDIRECT($A26),MATCH($B26,INDIRECT($A26),0)-1,2),"")} | F26: =IFERROR(E26*C26,"")
C27: {=IFERROR(OFFSET(INDIRECT($A27),MATCH($B27,INDIRECT($A27),0)-1,1),"")} | D27: {=IFERROR(OFFSET(INDIRECT($A27),MATCH($B27,INDIRECT($A27),0)-1,2),"")} | F27: =IFERROR(E27*C27,"")
C28: {=IFERROR(OFFSET(INDIRECT($A28),MATCH($B28,INDIRECT($A28),0)-1,1),"")} | D28: {=IFERROR(OFFSET(INDIRECT($A28),MATCH($B28,INDIRECT($A28),0)-1,2),"")} | F28: =IFERROR(E28*C28,"")
C29: {=IFERROR(OFFSET(INDIRECT($A29),MATCH($B29,INDIRECT($A29),0)-1,1),"")} | D29: {=IFERROR(OFFSET(INDIRECT($A29),MATCH($B29,INDIRECT($A29),0)-1,2),"")} | F29: =IFERROR(E29*C29,"")
C30: {=IFERROR(OFFSET(INDIRECT($A30),MATCH($B30,INDIRECT($A30),0)-1,1),"")} | D30: {=IFERROR(OFFSET(INDIRECT($A30),MATCH($B30,INDIRECT($A30),0)-1,2),"")} | F30: =IFERROR(E30*C30,"")
C31: {=IFERROR(OFFSET(INDIRECT($A31),MATCH($B31,INDIRECT($A31),0)-1,1),"")} | D31: {=IFERROR(OFFSET(INDIRECT($A31),MATCH($B31,INDIRECT($A31),0)-1,2),"")} | F31: =IFERROR(E31*C31,"")
C32: {=IFERROR(OFFSET(INDIRECT($A32),MATCH($B32,INDIRECT($A32),0)-1,1),"")} | D32: {=IFERROR(OFFSET(INDIRECT($A32),MATCH($B32,INDIRECT($A32),0)-1,2),"")} | F32: =IFERROR(E32*C32,"")
C33: {=IFERROR(OFFSET(INDIRECT($A33),MATCH($B33,INDIRECT($A33),0)-1,1),"")} | D33: {=IFERROR(OFFSET(INDIRECT($A33),MATCH($B33,INDIRECT($A33),0)-1,2),"")} | F33: =IFERROR(E33*C33,"")
B34: Coût de la recette | C34: =SUM(F11:F33)+C36 -> 7.8004667
B35: Coût par portion | C35: =C34/D8 -> 0.24376458
B36: Labor Cost | C36: =H9*H6 -> 2.1666667 | D36: $total port. | E36: Coût total port. | F36: =(C36/D8)+C35 -> 0.31147292
B37: Récipients | C37: Standard | G37: Détails:
B40: Présentation :
B43: Commentaires :

Sheet Bièrechamel
B1: FICHE RECETTE | H1: Date:
B2: Votre nom:__________________
B4: Nom de la recette :
J5: Convertisseur temps
B6: Standard : | C6: Qté: | F6: Temps de préparation | H6: =L6/L7 -> 0.16666667 | J6: 10 | L6: =J6*L7/J7 -> 16.666667
B7: Rendement total: | C7: Rendement total: | F7: Temps de cuisson | J7: 60 | L7: 100
B8: Portion individuelle: | D8: 7.5 | F8: Température du four
F9: Salaire moyen | H9: 13
A10: Categories | B10: Ingrédients | C10: Coût un. | D10: Unité | E10: Quantité | F10: Coût total | G10: Préparation
A12: Alcool | B12: Bière | C12: {=IFERROR(OFFSET(INDIRECT($A12),MATCH($B12,INDIRECT($A12),0)-1,1),"")} -> 7.25 | D12: {=IFERROR(OFFSET(INDIRECT($A12),MATCH($B12,INDIRECT($A12),0)-1,2),"")} -> pinte | E12: 3 | F12: =IFERROR(E12*C12,"") -> 21.75
A13: Produits_Laitiers | B13: Lait 2% | C13: {=IFERROR(OFFSET(INDIRECT($A13),MATCH($B13,INDIRECT($A13),0)-1,1),"")} -> 1.64 | D13: {=IFERROR(OFFSET(INDIRECT($A13),MATCH($B13,INDIRECT($A13),0)-1,2),"")} -> litre | E13: 4 | F13: =IFERROR(E13*C13,"") -> 6.56
A14: Épices | B14: Épice poivre noir moulu | C14: {=IFERROR(OFFSET(INDIRECT($A14),MATCH($B14,INDIRECT($A14),0)-1,1),"")} -> 42.54 | D14: {=IFERROR(OFFSET(INDIRECT($A14),MATCH($B14,INDIRECT($A14),0)-1,2),"")} -> Kg | E14: 0.015 | F14: =IFERROR(E14*C14,"") -> 0.6381
A15: Sec | B15: Sel fin highgrade n/iode | C15: {=IFERROR(OFFSET(INDIRECT($A15),MATCH($B15,INDIRECT($A15),0)-1,1),"")} -> 0.5 | D15: {=IFERROR(OFFSET(INDIRECT($A15),MATCH($B15,INDIRECT($A15),0)-1,2),"")} -> Kg | E15: 0.06 | F15: =IFERROR(E15*C15,"") -> 0.03
A16: Produits_Laitiers | B16: Fromage rapé ancêtre | C16: {=IFERROR(OFFSET(INDIRECT($A16),MATCH($B16,INDIRECT($A16),0)-1,1),"")} -> 0 | D16: {=IFERROR(OFFSET(INDIRECT($A16),MATCH($B16,INDIRECT($A16),0)-1,2),"")} -> 0 | E16: 0.5 | F16: =IFERROR(E16*C16,"") -> 0
A17: Produits_Laitiers | B17: Beurre non-salée | C17: {=IFERROR(OFFSET(INDIRECT($A17),MATCH($B17,INDIRECT($A17),0)-1,1),"")} -> 4.95 | D17: {=IFERROR(OFFSET(INDIRECT($A17),MATCH($B17,INDIRECT($A17),0)-1,2),"")} -> Kg | E17: 0.454 | F17: =IFERROR(E17*C17,"") -> 2.2473
A18: Sec | B18: Farine tout-usage | C18: {=IFERROR(OFFSET(INDIRECT($A18),MATCH($B18,INDIRECT($A18),0)-1,1),"")} -> 1.02 | D18: {=IFERROR(OFFSET(INDIRECT($A18),MATCH($B18,INDIRECT($A18),0)-1,2),"")} -> Kg | E18: 0.9 | F18: =IFERROR(E18*C18,"") -> 0.918
C19: {=IFERROR(OFFSET(INDIRECT($A19),MATCH($B19,INDIRECT($A19),0)-1,1),"")} | D19: {=IFERROR(OFFSET(INDIRECT($A19),MATCH($B19,INDIRECT($A19),0)-1,2),"")} | F19: =IFERROR(E19*C19,"")
C20: {=IFERROR(OFFSET(INDIRECT($A20),MATCH($B20,INDIRECT($A20),0)-1,1),"")} | D20: {=IFERROR(OFFSET(INDIRECT($A20),MATCH($B20,INDIRECT($A20),0)-1,2),"")} | F20: =IFERROR(E20*C20,"")
C21: {=IFERROR(OFFSET(INDIRECT($A21),MATCH($B21,INDIRECT($A21),0)-1,1),"")} | D21: {=IFERROR(OFFSET(INDIRECT($A21),MATCH($B21,INDIRECT($A21),0)-1,2),"")} | F21: =IFERROR(E21*C21,"")
C22: {=IFERROR(OFFSET(INDIRECT($A22),MATCH($B22,INDIRECT($A22),0)-1,1),"")} | D22: {=IFERROR(OFFSET(INDIRECT($A22),MATCH($B22,INDIRECT($A22),0)-1,2),"")} | F22: =IFERROR(E22*C22,"")
C23: {=IFERROR(OFFSET(INDIRECT($A23),MATCH($B23,INDIRECT($A23),0)-1,1),"")} | D23: {=IFERROR(OFFSET(INDIRECT($A23),MATCH($B23,INDIRECT($A23),0)-1,2),"")} | F23: =IFERROR(E23*C23,"")
C24: {=IFERROR(OFFSET(INDIRECT($A24),MATCH($B24,INDIRECT($A24),0)-1,1),"")} | D24: {=IFERROR(OFFSET(INDIRECT($A24),MATCH($B24,INDIRECT($A24),0)-1,2),"")} | F24: =IFERROR(E24*C24,"")
C25: {=IFERROR(OFFSET(INDIRECT($A25),MATCH($B25,INDIRECT($A25),0)-1,1),"")} | D25: {=IFERROR(OFFSET(INDIRECT($A25),MATCH($B25,INDIRECT($A25),0)-1,2),"")} | F25: =IFERROR(E25*C25,"")
C26: {=IFERROR(OFFSET(INDIRECT($A26),MATCH($B26,INDIRECT($A26),0)-1,1),"")} | D26: {=IFERROR(OFFSET(INDIRECT($A26),MATCH($B26,INDIRECT($A26),0)-1,2),"")} | F26: =IFERROR(E26*C26,"")
C27: {=IFERROR(OFFSET(INDIRECT($A27),MATCH($B27,INDIRECT($A27),0)-1,1),"")} | D27: {=IFERROR(OFFSET(INDIRECT($A27),MATCH($B27,INDIRECT($A27),0)-1,2),"")} | F27: =IFERROR(E27*C27,"")
C28: {=IFERROR(OFFSET(INDIRECT($A28),MATCH($B28,INDIRECT($A28),0)-1,1),"")} | D28: {=IFERROR(OFFSET(INDIRECT($A28),MATCH($B28,INDIRECT($A28),0)-1,2),"")} | F28: =IFERROR(E28*C28,"")
C29: {=IFERROR(OFFSET(INDIRECT($A29),MATCH($B29,INDIRECT($A29),0)-1,1),"")} | D29: {=IFERROR(OFFSET(INDIRECT($A29),MATCH($B29,INDIRECT($A29),0)-1,2),"")} | F29: =IFERROR(E29*C29,"")
C30: {=IFERROR(OFFSET(INDIRECT($A30),MATCH($B30,INDIRECT($A30),0)-1,1),"")} | D30: {=IFERROR(OFFSET(INDIRECT($A30),MATCH($B30,INDIRECT($A30),0)-1,2),"")} | F30: =IFERROR(E30*C30,"")
... C33: {=IFERROR(OFFSET(INDIRECT($A33),MATCH($B33,INDIRECT($A33),0)-1,1),"")} | D33: {=IFERROR(OFFSET(INDIRECT($A33),MATCH($B33,INDIRECT($A33),0)-1,2),"")} | F33: =IFERROR(E33*C33,"")
B34: Coût de la recette | C34: =SUM(F11:F33)+C36 -> 34.310067
B35: Coût par portion | C35: =C34/D8 -> 4.5746756
B36: Labor Cost | C36: =H9*H6 -> 2.1666667 | D36: $total port. | E36: Coût total port. | F36: =(C36/D8)+C35 -> 4.8635644
B37: Récipients | C37: Standard | G37: Détails:
B40: Présentation :
B43: Commentaires :

Sheet émulsion échalotte
B1: FICHE RECETTE | H1: Date:
B2: Votre nom:__________________
B4: Nom de la recette :
J5: Convertisseur temps
B6: Standard : | C6: Qté: | F6: Temps de préparation | H6: =L6/L7 -> 0.083333333 | J6: 5 | L6: =J6*L7/J7 -> 8.3333333
B7: Rendement total: | C7: Rendement total: | F7: Temps de cuisson | J7: 60 | L7: 100
B8: Portion individuelle: | D8: 1 | F8: Température du four
F9: Salaire moyen | H9: 13
A10: Categories | B10: Ingrédients | C10: Coût un. | D10: Unité | E10: Quantité | F10: Coût total | G10: Préparation
A12: Produit_animal | B12: Œuf moyen | C12: {=IFERROR(OFFSET(INDIRECT($A12),MATCH($B12,INDIRECT($A12),0)-1,1),"")} -> 0.19 | D12: {=IFERROR(OFFSET(INDIRECT($A12),MATCH($B12,INDIRECT($A12),0)-1,2),"")} -> unité | E12: 2 | F12: =IFERROR(E12*C12,"") -> 0.38
A13: Liquide | B13: Moutarde dijon forte | C13: {=IFERROR(OFFSET(INDIRECT($A13),MATCH($B13,INDIRECT($A13),0)-1,1),"")} -> 4.2 | D13: {=IFERROR(OFFSET(INDIRECT($A13),MATCH($B13,INDIRECT($A13),0)-1,2),"")} -> litre | E13: 0.02 | F13: =IFERROR(E13*C13,"") -> 0.084
A14: Liquide | B14: Sauce sriracha | C14: {=IFERROR(OFFSET(INDIRECT($A14),MATCH($B14,INDIRECT($A14),0)-1,1),"")} -> 5 | D14: {=IFERROR(OFFSET(INDIRECT($A14),MATCH($B14,INDIRECT($A14),0)-1,2),"")} -> litre | E14: 0.1 | F14: =IFERROR(E14*C14,"") -> 0.5
B15: ='Purée échalotte'!C4 -> Purée échalotte | C15: {=IFERROR(OFFSET(INDIRECT($A15),MATCH($B15,INDIRECT($A15),0)-1,1),"")} | D15: CAS | E15: 2 | F15: ='Purée échalotte'!F36 -> 4.4991667
C16: {=IFERROR(OFFSET(INDIRECT($A16),MATCH($B16,INDIRECT($A16),0)-1,1),"")} | D16: {=IFERROR(OFFSET(INDIRECT($A16),MATCH($B16,INDIRECT($A16),0)-1,2),"")} | F16: =IFERROR(E16*C16,"")
C17: {=IFERROR(OFFSET(INDIRECT($A17),MATCH($B17,INDIRECT($A17),0)-1,1),"")} | D17: {=IFERROR(OFFSET(INDIRECT($A17),MATCH($B17,INDIRECT($A17),0)-1,2),"")} | F17: =IFERROR(E17*C17,"")
C18: {=IFERROR(OFFSET(INDIRECT($A18),MATCH($B18,INDIRECT($A18),0)-1,1),"")} | D18: {=IFERROR(OFFSET(INDIRECT($A18),MATCH($B18,INDIRECT($A18),0)-1,2),"")} | F18: =IFERROR(E18*C18,"")
C19: {=IFERROR(OFFSET(INDIRECT($A19),MATCH($B19,INDIRECT($A19),0)-1,1),"")} | D19: {=IFERROR(OFFSET(INDIRECT($A19),MATCH($B19,INDIRECT($A19),0)-1,2),"")} | F19: =IFERROR(E19*C19,"")
C20: {=IFERROR(OFFSET(INDIRECT($A20),MATCH($B20,INDIRECT($A20),0)-1,1),"")} | D20: {=IFERROR(OFFSET(INDIRECT($A20),MATCH($B20,INDIRECT($A20),0)-1,2),"")} | F20: =IFERROR(E20*C20,"")
C21: {=IFERROR(OFFSET(INDIRECT($A21),MATCH($B21,INDIRECT($A21),0)-1,1),"")} | D21: {=IFERROR(OFFSET(INDIRECT($A21),MATCH($B21,INDIRECT($A21),0)-1,2),"")} | F21: =IFERROR(E21*C21,"")
C22: {=IFERROR(OFFSET(INDIRECT($A22),MATCH($B22,INDIRECT($A22),0)-1,1),"")} | D22: {=IFERROR(OFFSET(INDIRECT($A22),MATCH($B22,INDIRECT($A22),0)-1,2),"")} | F22: =IFERROR(E22*C22,"")
C23: {=IFERROR(OFFSET(INDIRECT($A23),MATCH($B23,INDIRECT($A23),0)-1,1),"")} | D23: {=IFERROR(OFFSET(INDIRECT($A23),MATCH($B23,INDIRECT($A23),0)-1,2),"")} | F23: =IFERROR(E23*C23,"")
C24: {=IFERROR(OFFSET(INDIRECT($A24),MATCH($B24,INDIRECT($A24),0)-1,1),"")} | D24: {=IFERROR(OFFSET(INDIRECT($A24),MATCH($B24,INDIRECT($A24),0)-1,2),"")} | F24: =IFERROR(E24*C24,"")
C25: {=IFERROR(OFFSET(INDIRECT($A25),MATCH($B25,INDIRECT($A25),0)-1,1),"")} | D25: {=IFERROR(OFFSET(INDIRECT($A25),MATCH($B25,INDIRECT($A25),0)-1,2),"")} | F25: =IFERROR(E25*C25,"")
C26: {=IFERROR(OFFSET(INDIRECT($A26),MATCH($B26,INDIRECT($A26),0)-1,1),"")} | D26: {=IFERROR(OFFSET(INDIRECT($A26),MATCH($B26,INDIRECT($A26),0)-1,2),"")} | F26: =IFERROR(E26*C26,"")
C27: {=IFERROR(OFFSET(INDIRECT($A27),MATCH($B27,INDIRECT($A27),0)-1,1),"")} | D27: {=IFERROR(OFFSET(INDIRECT($A27),MATCH($B27,INDIRECT($A27),0)-1,2),"")} | F27: =IFERROR(E27*C27,"")
... C33: {=IFERROR(OFFSET(INDIRECT($A33),MATCH($B33,INDIRECT($A33),0)-1,1),"")} | D33: {=IFERROR(OFFSET(INDIRECT($A33),MATCH($B33,INDIRECT($A33),0)-1,2),"")} | F33: =IFERROR(E33*C33,"")
B34: Coût de la recette | C34: =SUM(F11:F33)+C36 -> 6.5465
B35: Coût par portion | C35: =C34/D8 -> 6.5465
B36: Labor Cost | C36: =H9*H6 -> 1.0833333 | D36: $total port. | E36: Coût total port. | F36: =(C36/D8)+C35 -> 7.6298333
B37: Récipients | C37: Standard | G37: Détails:
B40: Présentation :
B43: Commentaires :

Sheet Purée échalotte
B1: FICHE RECETTE | H1: Date:
B2: Votre nom:__________________
B4: Nom de la recette : | C4: Purée échalotte
J5: Convertisseur temps
B6: Standard : | C6: Qté: | F6: Temps de préparation | H6: =L6/L7 -> 0.083333333 | J6: 5 | L6: =J6*L7/J7 -> 8.3333333
B7: Rendement total: | C7: Rendement total: | F7: Temps de cuisson | J7: 60 | L7: 100
B8: Portion individuelle: | D8: 1 | F8: Température du four
F9: Salaire moyen | H9: 13
A10: Categories | B10: Ingrédients | C10: Coût un. | D10: Unité | E10: Quantité | F10: Coût total | G10: Préparation
A12: Légumes | B12: Échalotte sèche large | C12: {=IFERROR(OFFSET(INDIRECT($A12),MATCH($B12,INDIRECT($A12),0)-1,1),"")} -> 1.21 | D12: {=IFERROR(OFFSET(INDIRECT($A12),MATCH($B12,INDIRECT($A12),0)-1,2),"")} -> livre | E12: 0.25 | F12: =IFERROR(E12*C12,"") -> 0.3025
A13: Liquide | B13: Sauce worchestershire | C13: {=IFERROR(OFFSET(INDIRECT($A13),MATCH($B13,INDIRECT($A13),0)-1,1),"")} -> 4.06 | D13: {=IFERROR(OFFSET(INDIRECT($A13),MATCH($B13,INDIRECT($A13),0)-1,2),"")} -> litre | E13: 0.5 | F13: =IFERROR(E13*C13,"") -> 2.03
C14: {=IFERROR(OFFSET(INDIRECT($A14),MATCH($B14,INDIRECT($A14),0)-1,1),"")} | D14: {=IFERROR(OFFSET(INDIRECT($A14),MATCH($B14,INDIRECT($A14),0)-1,2),"")} | F14: =IFERROR(E14*C14,"")
C15: {=IFERROR(OFFSET(INDIRECT($A15),MATCH($B15,INDIRECT($A15),0)-1,1),"")} | D15: {=IFERROR(OFFSET(INDIRECT($A15),MATCH($B15,INDIRECT($A15),0)-1,2),"")} | F15: =IFERROR(E15*C15,"")
C16: {=IFERROR(OFFSET(INDIRECT($A16),MATCH($B16,INDIRECT($A16),0)-1,1),"")} | D16: {=IFERROR(OFFSET(INDIRECT($A16),MATCH($B16,INDIRECT($A16),0)-1,2),"")} | F16: =IFERROR(E16*C16,"")
C17: {=IFERROR(OFFSET(INDIRECT($A17),MATCH($B17,INDIRECT($A17),0)-1,1),"")} | D17: {=IFERROR(OFFSET(INDIRECT($A17),MATCH($B17,INDIRECT($A17),0)-1,2),"")} | F17: =IFERROR(E17*C17,"")
C18: {=IFERROR(OFFSET(INDIRECT($A18),MATCH($B18,INDIRECT($A18),0)-1,1),"")} | D18: {=IFERROR(OFFSET(INDIRECT($A18),MATCH($B18,INDIRECT($A18),0)-1,2),"")} | F18: =IFERROR(E18*C18,"")
C19: {=IFERROR(OFFSET(INDIRECT($A19),MATCH($B19,INDIRECT($A19),0)-1,1),"")} | D19: {=IFERROR(OFFSET(INDIRECT($A19),MATCH($B19,INDIRECT($A19),0)-1,2),"")} | F19: =IFERROR(E19*C19,"")
C20: {=IFERROR(OFFSET(INDIRECT($A20),MATCH($B20,INDIRECT($A20),0)-1,1),"")} | D20: {=IFERROR(OFFSET(INDIRECT($A20),MATCH($B20,INDIRECT($A20),0)-1,2),"")} | F20: =IFERROR(E20*C20,"")
C21: {=IFERROR(OFFSET(INDIRECT($A21),MATCH($B21,INDIRECT($A21),0)-1,1),"")} | D21: {=IFERROR(OFFSET(INDIRECT($A21),MATCH($B21,INDIRECT($A21),0)-1,2),"")} | F21: =IFERROR(E21*C21,"")
C22: {=IFERROR(OFFSET(INDIRECT($A22),MATCH($B22,INDIRECT($A22),0)-1,1),"")} | D22: {=IFERROR(OFFSET(INDIRECT($A22),MATCH($B22,INDIRECT($A22),0)-1,2),"")} | F22: =IFERROR(E22*C22,"")
C23: {=IFERROR(OFFSET(INDIRECT($A23),MATCH($B23,INDIRECT($A23),0)-1,1),"")} | D23: {=IFERROR(OFFSET(INDIRECT($A23),MATCH($B23,INDIRECT($A23),0)-1,2),"")} | F23: =IFERROR(E23*C23,"")
C24: {=IFERROR(OFFSET(INDIRECT($A24),MATCH($B24,INDIRECT($A24),0)-1,1),"")} | D24: {=IFERROR(OFFSET(INDIRECT($A24),MATCH($B24,INDIRECT($A24),0)-1,2),"")} | F24: =IFERROR(E24*C24,"")
C25: {=IFERROR(OFFSET(INDIRECT($A25),MATCH($B25,INDIRECT($A25),0)-1,1),"")} | D25: {=IFERROR(OFFSET(INDIRECT($A25),MATCH($B25,INDIRECT($A25),0)-1,2),"")} | F25: =IFERROR(E25*C25,"")
... C33: {=IFERROR(OFFSET(INDIRECT($A33),MATCH($B33,INDIRECT($A33),0)-1,1),"")} | D33: {=IFERROR(OFFSET(INDIRECT($A33),MATCH($B33,INDIRECT($A33),0)-1,2),"")} | F33: =IFERROR(E33*C33,"")
B34: Coût de la recette | C34: =SUM(F11:F33)+C36 -> 3.4158333
B35: Coût par portion | C35: =C34/D8 -> 3.4158333
B36: Labor Cost | C36: =H9*H6 -> 1.0833333 | D36: $total port. | E36: Coût total port. | F36: =(C36/D8)+C35 -> 4.4991667
B37: Récipients | C37: Standard | G37: Détails:
B40: Présentation :
B43: Commentaires :

Sheet Yogourt aux herbes
B1: FICHE RECETTE | H1: Date:
B2: Votre nom:__________________
B4: Nom de la recette :
J5: Convertisseur temps
B6: Standard : | C6: Qté: | F6: Temps de préparation | H6: =L6/L7 -> 0.5 | J6: 30 | L6: =J6*L7/J7 -> 50
B7: Rendement total: | C7: Rendement total: | F7: Temps de cuisson | J7: 60 | L7: 100
B8: Portion individuelle: | F8: Température du four
F9: Salaire moyen | H9: 13
A10: Categories | B10: Ingrédients | C10: Coût un. | D10: Unité | E10: Quantité | F10: Coût total | G10: Préparation
A12: Fruits | B12: Lime | C12: {=IFERROR(OFFSET(INDIRECT($A12),MATCH($B12,INDIRECT($A12),0)-1,1),"")} -> 0.39 | D12: {=IFERROR(OFFSET(INDIRECT($A12),MATCH($B12,INDIRECT($A12),0)-1,2),"")} -> unité | E12: 2 | F12: =IFERROR(E12*C12,"") -> 0.78
A13: Liquide | B13: Miel liquide doré | C13: {=IFERROR(OFFSET(INDIRECT($A13),MATCH($B13,INDIRECT($A13),0)-1,1),"")} -> 9.87 | D13: {=IFERROR(OFFSET(INDIRECT($A13),MATCH($B13,INDIRECT($A13),0)-1,2),"")} -> Kg | E13: 0.05 | F13: =IFERROR(E13*C13,"") -> 0.4935
A14: Légumes | B14: Gingembre racine | C14: {=IFERROR(OFFSET(INDIRECT($A14),MATCH($B14,INDIRECT($A14),0)-1,1),"")} -> 3.65 | D14: {=IFERROR(OFFSET(INDIRECT($A14),MATCH($B14,INDIRECT($A14),0)-1,2),"")} -> livre | E14: 0.02 | F14: =IFERROR(E14*C14,"") -> 0.073
A15: Aromates | B15: Coriandre | C15: {=IFERROR(OFFSET(INDIRECT($A15),MATCH($B15,INDIRECT($A15),0)-1,1),"")} -> 1.29 | D15: {=IFERROR(OFFSET(INDIRECT($A15),MATCH($B15,INDIRECT($A15),0)-1,2),"")} -> unité | E15: 1 | F15: =IFERROR(E15*C15,"") -> 1.29
A16: Aromates | B16: Aneth | C16: {=IFERROR(OFFSET(INDIRECT($A16),MATCH($B16,INDIRECT($A16),0)-1,1),"")} -> 1.63 | D16: {=IFERROR(OFFSET(INDIRECT($A16),MATCH($B16,INDIRECT($A16),0)-1,2),"")} -> unité | E16: 1 | F16: =IFERROR(E16*C16,"") -> 1.63
A17: Aromates | B17: Ciboulette | C17: {=IFERROR(OFFSET(INDIRECT($A17),MATCH($B17,INDIRECT($A17),0)-1,1),"")} -> 1.12 | D17: {=IFERROR(OFFSET(INDIRECT($A17),MATCH($B17,INDIRECT($A17),0)-1,2),"")} -> unité | E17: 1 | F17: =IFERROR(E17*C17,"") -> 1.12
A18: Aromates | B18: Menthe | C18: {=IFERROR(OFFSET(INDIRECT($A18),MATCH($B18,INDIRECT($A18),0)-1,1),"")} -> 1.79 | D18: {=IFERROR(OFFSET(INDIRECT($A18),MATCH($B18,INDIRECT($A18),0)-1,2),"")} -> unité | E18: 0.5 | F18: =IFERROR(E18*C18,"") -> 0.895
A19: Liquide | B19: Sauce sambal olek | C19: {=IFERROR(OFFSET(INDIRECT($A19),MATCH($B19,INDIRECT($A19),0)-1,1),"")} -> 1.65 | D19: {=IFERROR(OFFSET(INDIRECT($A19),MATCH($B19,INDIRECT($A19),0)-1,2),"")} -> litre | E19: 0.01 | F19: =IFERROR(E19*C19,"") -> 0.0165
A20: Produits_Laitiers | B20: Yogourt nature 2% | C20: {=IFERROR(OFFSET(INDIRECT($A20),MATCH($B20,INDIRECT($A20),0)-1,1),"")} -> 2.92 | D20: {=IFERROR(OFFSET(INDIRECT($A20),MATCH($B20,INDIRECT($A20),0)-1,2),"")} -> Kg | E20: 5 | F20: =IFERROR(E20*C20,"") -> 14.6
C21: {=IFERROR(OFFSET(INDIRECT($A21),MATCH($B21,INDIRECT($A21),0)-1,1),"")} | D21: {=IFERROR(OFFSET(INDIRECT($A21),MATCH($B21,INDIRECT($A21),0)-1,2),"")} | F21: =IFERROR(E21*C21,"")
C22: {=IFERROR(OFFSET(INDIRECT($A22),MATCH($B22,INDIRECT($A22),0)-1,1),"")} | D22: {=IFERROR(OFFSET(INDIRECT($A22),MATCH($B22,INDIRECT($A22),0)-1,2),"")} | F22: =IFERROR(E22*C22,"")
C23: {=IFERROR(OFFSET(INDIRECT($A23),MATCH($B23,INDIRECT($A23),0)-1,1),"")} | D23: {=IFERROR(OFFSET(INDIRECT($A23),MATCH($B23,INDIRECT($A23),0)-1,2),"")} | F23: =IFERROR(E23*C23,"")
C24: {=IFERROR(OFFSET(INDIRECT($A24),MATCH($B24,INDIRECT($A24),0)-1,1),"")} | D24: {=IFERROR(OFFSET(INDIRECT($A24),MATCH($B24,INDIRECT($A24),0)-1,2),"")} | F24: =IFERROR(E24*C24,"")
C25: {=IFERROR(OFFSET(INDIRECT($A25),MATCH($B25,INDIRECT($A25),0)-1,1),"")} | D25: {=IFERROR(OFFSET(INDIRECT($A25),MATCH($B25,INDIRECT($A25),0)-1,2),"")} | F25: =IFERROR(E25*C25,"")
C26: {=IFERROR(OFFSET(INDIRECT($A26),MATCH($B26,INDIRECT($A26),0)-1,1),"")} | D26: {=IFERROR(OFFSET(INDIRECT($A26),MATCH($B26,INDIRECT($A26),0)-1,2),"")} | F26: =IFERROR(E26*C26,"")
C27: {=IFERROR(OFFSET(INDIRECT($A27),MATCH($B27,INDIRECT($A27),0)-1,1),"")} | D27: {=IFERROR(OFFSET(INDIRECT($A27),MATCH($B27,INDIRECT($A27),0)-1,2),"")} | F27: =IFERROR(E27*C27,"")
C28: {=IFERROR(OFFSET(INDIRECT($A28),MATCH($B28,INDIRECT($A28),0)-1,1),"")} | D28: {=IFERROR(OFFSET(INDIRECT($A28),MATCH($B28,INDIRECT($A28),0)-1,2),"")} | F28: =IFERROR(E28*C28,"")
C29: {=IFERROR(OFFSET(INDIRECT($A29),MATCH($B29,INDIRECT($A29),0)-1,1),"")} | D29: {=IFERROR(OFFSET(INDIRECT($A29),MATCH($B29,INDIRECT($A29),0)-1,2),"")} | F29: =IFERROR(E29*C29,"")
C30: {=IFERROR(OFFSET(INDIRECT($A30),MATCH($B30,INDIRECT($A30),0)-1,1),"")} | D30: {=IFERROR(OFFSET(INDIRECT($A30),MATCH($B30,INDIRECT($A30),0)-1,2),"")} | F30: =IFERROR(E30*C30,"")
C31: {=IFERROR(OFFSET(INDIRECT($A31),MATCH($B31,INDIRECT($A31),0)-1,1),"")} | D31: {=IFERROR(OFFSET(INDIRECT($A31),MATCH($B31,INDIRECT($A31),0)-1,2),"")} | F31: =IFERROR(E31*C31,"")
C32: {=IFERROR(OFFSET(INDIRECT($A32),MATCH($B32,INDIRECT($A32),0)-1,1),"")} | D32: {=IFERROR(OFFSET(INDIRECT($A32),MATCH($B32,INDIRECT($A32),0)-1,2),"")} | F32: =IFERROR(E32*C32,"")
C33: {=IFERROR(OFFSET(INDIRECT($A33),MATCH($B33,INDIRECT($A33),0)-1,1),"")} | D33: {=IFERROR(OFFSET(INDIRECT($A33),MATCH($B33,INDIRECT($A33),0)-1,2),"")} | F33: =IFERROR(E33*C33,"")
B34: Coût de la recette | C34: =SUM(F11:F33)+C36 -> 27.398
B35: Coût par portion | C35: =C34/D8 -> #DIV/0!
B36: Labor Cost | C36: =H9*H6 -> 6.5 | D36: $total port. | E36: Coût total port. | F36: =(C36/D8)+C35 -> #DIV/0!
B37: Récipients | C37: Standard | G37: Détails:
B40: Présentation :
B43: Commentaires :

Sheet Laque curcuma
B1: FICHE RECETTE | H1: Date:
B2: Votre nom:__________________
B4: Nom de la recette :
J5: Convertisseur temps
B6: Standard : | C6: Qté: | F6: Temps de préparation | H6: =L6/L7 -> 0.16666667 | J6: 10 | L6: =J6*L7/J7 -> 16.666667
B7: Rendement total: | C7: Rendement total: | F7: Temps de cuisson | J7: 60 | L7: 100
B8: Portion individuelle: | F8: Température du four
F9: Salaire moyen | H9: 13
A10: Categories | B10: Ingrédients | C10: Coût un. | D10: Unité | E10: Quantité | F10: Coût total | G10: Préparation
A12: Sec | B12: Sucre fin | C12: {=IFERROR(OFFSET(INDIRECT($A12),MATCH($B12,INDIRECT($A12),0)-1,1),"")} -> 1.24 | D12: {=IFERROR(OFFSET(INDIRECT($A12),MATCH($B12,INDIRECT($A12),0)-1,2),"")} -> Kg | E12: 0.8 | F12: =IFERROR(E12*C12,"") -> 0.992
A13: Liquide | B13: Vinaigre vin blanc | C13: {=IFERROR(OFFSET(INDIRECT($A13),MATCH($B13,INDIRECT($A13),0)-1,1),"")} -> 1.75 | D13: {=IFERROR(OFFSET(INDIRECT($A13),MATCH($B13,INDIRECT($A13),0)-1,2),"")} -> litre | E13: 1 | F13: =IFERROR(E13*C13,"") -> 1.75
A14: Épices | B14: Épice curcuma moulu | C14: {=IFERROR(OFFSET(INDIRECT($A14),MATCH($B14,INDIRECT($A14),0)-1,1),"")} -> 8.52 | D14: {=IFERROR(OFFSET(INDIRECT($A14),MATCH($B14,INDIRECT($A14),0)-1,2),"")} -> livre | F14: =IFERROR(E14*C14,"") -> 0
C15: {=IFERROR(OFFSET(INDIRECT($A15),MATCH($B15,INDIRECT($A15),0)-1,1),"")} | D15: {=IFERROR(OFFSET(INDIRECT($A15),MATCH($B15,INDIRECT($A15),0)-1,2),"")} | F15: =IFERROR(E15*C15,"")
C16: {=IFERROR(OFFSET(INDIRECT($A16),MATCH($B16,INDIRECT($A16),0)-1,1),"")} | D16: {=IFERROR(OFFSET(INDIRECT($A16),MATCH($B16,INDIRECT($A16),0)-1,2),"")} | F16: =IFERROR(E16*C16,"")
C17: {=IFERROR(OFFSET(INDIRECT($A17),MATCH($B17,INDIRECT($A17),0)-1,1),"")} | D17: {=IFERROR(OFFSET(INDIRECT($A17),MATCH($B17,INDIRECT($A17),0)-1,2),"")} | F17: =IFERROR(E17*C17,"")
C18: {=IFERROR(OFFSET(INDIRECT($A18),MATCH($B18,INDIRECT($A18),0)-1,1),"")} | D18: {=IFERROR(OFFSET(INDIRECT($A18),MATCH($B18,INDIRECT($A18),0)-1,2),"")} | F18: =IFERROR(E18*C18,"")
C19: {=IFERROR(OFFSET(INDIRECT($A19),MATCH($B19,INDIRECT($A19),0)-1,1),"")} | D19: {=IFERROR(OFFSET(INDIRECT($A19),MATCH($B19,INDIRECT($A19),0)-1,2),"")} | F19: =IFERROR(E19*C19,"")
C20: {=IFERROR(OFFSET(INDIRECT($A20),MATCH($B20,INDIRECT($A20),0)-1,1),"")} | D20: {=IFERROR(OFFSET(INDIRECT($A20),MATCH($B20,INDIRECT($A20),0)-1,2),"")} | F20: =IFERROR(E20*C20,"")
C21: {=IFERROR(OFFSET(INDIRECT($A21),MATCH($B21,INDIRECT($A21),0)-1,1),"")} | D21: {=IFERROR(OFFSET(INDIRECT($A21),MATCH($B21,INDIRECT($A21),0)-1,2),"")} | F21: =IFERROR(E21*C21,"")
C22: {=IFERROR(OFFSET(INDIRECT($A22),MATCH($B22,INDIRECT($A22),0)-1,1),"")} | D22: {=IFERROR(OFFSET(INDIRECT($A22),MATCH($B22,INDIRECT($A22),0)-1,2),"")} | F22: =IFERROR(E22*C22,"")
C23: {=IFERROR(OFFSET(INDIRECT($A23),MATCH($B23,INDIRECT($A23),0)-1,1),"")} | D23: {=IFERROR(OFFSET(INDIRECT($A23),MATCH($B23,INDIRECT($A23),0)-1,2),"")} | F23: =IFERROR(E23*C23,"")
C24: {=IFERROR(OFFSET(INDIRECT($A24),MATCH($B24,INDIRECT($A24),0)-1,1),"")} | D24: {=IFERROR(OFFSET(INDIRECT($A24),MATCH($B24,INDIRECT($A24),0)-1,2),"")} | F24: =IFERROR(E24*C24,"")
C25: {=IFERROR(OFFSET(INDIRECT($A25),MATCH($B25,INDIRECT($A25),0)-1,1),"")} | D25: {=IFERROR(OFFSET(INDIRECT($A25),MATCH($B25,INDIRECT($A25),0)-1,2),"")} | F25: =IFERROR(E25*C25,"")
C26: {=IFERROR(OFFSET(INDIRECT($A26),MATCH($B26,INDIRECT($A26),0)-1,1),"")} | D26: {=IFERROR(OFFSET(INDIRECT($A26),MATCH($B26,INDIRECT($A26),0)-1,2),"")} | F26: =IFERROR(E26*C26,"")
... C33: {=IFERROR(OFFSET(INDIRECT($A33),MATCH($B33,INDIRECT($A33),0)-1,1),"")} | D33: {=IFERROR(OFFSET(INDIRECT($A33),MATCH($B33,INDIRECT($A33),0)-1,2),"")} | F33: =IFERROR(E33*C33,"")
B34: Coût de la recette | C34: =SUM(F11:F33)+C36 -> 4.9086667
B35: Coût par portion | C35: =C34/D8 -> #DIV/0!
B36: Labor Cost | C36: =H9*H6 -> 2.1666667 | D36: $total port. | E36: Coût total port. | F36: =(C36/D8)+C35 -> #DIV/0!
B37: Récipients | C37: Standard | G37: Détails:
B40: Présentation :
B43: Commentaires :

Sheet Laque à la bière
B1: FICHE RECETTE | H1: Date:
B2: Votre nom:__________________
B4: Nom de la recette : | C4: Laque à la bière
J5: Convertisseur temps
B6: Standard : | C6: Qté: | F6: Temps de préparation | H6: =L6/L7 -> 0.083333333 | J6: 5 | L6: =J6*L7/J7 -> 8.3333333
B7: Rendement total: | C7: Rendement total: | F7: Temps de cuisson | J7: 60 | L7: 100
B8: Portion individuelle: | D8: 1 | F8: Température du four
F9: Salaire moyen | H9: 13
A10: Categories | B10: Ingrédients | C10: Coût un. | D10: Unité | E10: Quantité | F10: Coût total | G10: Préparation
A12: Sec | B12: Sucre fin | C12: {=IFERROR(OFFSET(INDIRECT($A12),MATCH($B12,INDIRECT($A12),0)-1,1),"")} -> 1.24 | D12: {=IFERROR(OFFSET(INDIRECT($A12),MATCH($B12,INDIRECT($A12),0)-1,2),"")} -> Kg | E12: 0.8 | F12: =IFERROR(E12*C12,"") -> 0.992
A13: Alcool | B13: Bière | C13: {=IFERROR(OFFSET(INDIRECT($A13),MATCH($B13,INDIRECT($A13),0)-1,1),"")} -> 7.25 | D13: {=IFERROR(OFFSET(INDIRECT($A13),MATCH($B13,INDIRECT($A13),0)-1,2),"")} -> pinte | E13: 2 | F13: =IFERROR(E13*C13,"") -> 14.5
C14: {=IFERROR(OFFSET(INDIRECT($A14),MATCH($B14,INDIRECT($A14),0)-1,1),"")} | D14: {=IFERROR(OFFSET(INDIRECT($A14),MATCH($B14,INDIRECT($A14),0)-1,2),"")} | F14: =IFERROR(E14*C14,"")
C15: {=IFERROR(OFFSET(INDIRECT($A15),MATCH($B15,INDIRECT($A15),0)-1,1),"")} | D15: {=IFERROR(OFFSET(INDIRECT($A15),MATCH($B15,INDIRECT($A15),0)-1,2),"")} | F15: =IFERROR(E15*C15,"")
C16: {=IFERROR(OFFSET(INDIRECT($A16),MATCH($B16,INDIRECT($A16),0)-1,1),"")} | D16: {=IFERROR(OFFSET(INDIRECT($A16),MATCH($B16,INDIRECT($A16),0)-1,2),"")} | F16: =IFERROR(E16*C16,"")
C17: {=IFERROR(OFFSET(INDIRECT($A17),MATCH($B17,INDIRECT($A17),0)-1,1),"")} | D17: {=IFERROR(OFFSET(INDIRECT($A17),MATCH($B17,INDIRECT($A17),0)-1,2),"")} | F17: =IFERROR(E17*C17,"")
C18: {=IFERROR(OFFSET(INDIRECT($A18),MATCH($B18,INDIRECT($A18),0)-1,1),"")} | D18: {=IFERROR(OFFSET(INDIRECT($A18),MATCH($B18,INDIRECT($A18),0)-1,2),"")} | F18: =IFERROR(E18*C18,"")
C19: {=IFERROR(OFFSET(INDIRECT($A19),MATCH($B19,INDIRECT($A19),0)-1,1),"")} | D19: {=IFERROR(OFFSET(INDIRECT($A19),MATCH($B19,INDIRECT($A19),0)-1,2),"")} | F19: =IFERROR(E19*C19,"")
C20: {=IFERROR(OFFSET(INDIRECT($A20),MATCH($B20,INDIRECT($A20),0)-1,1),"")} | D20: {=IFERROR(OFFSET(INDIRECT($A20),MATCH($B20,INDIRECT($A20),0)-1,2),"")} | F20: =IFERROR(E20*C20,"")
C21: {=IFERROR(OFFSET(INDIRECT($A21),MATCH($B21,INDIRECT($A21),0)-1,1),"")} | D21: {=IFERROR(OFFSET(INDIRECT($A21),MATCH($B21,INDIRECT($A21),0)-1,2),"")} | F21: =IFERROR(E21*C21,"")
C22: {=IFERROR(OFFSET(INDIRECT($A22),MATCH($B22,INDIRECT($A22),0)-1,1),"")} | D22: {=IFERROR(OFFSET(INDIRECT($A22),MATCH($B22,INDIRECT($A22),0)-1,2),"")} | F22: =IFERROR(E22*C22,"")
C23: {=IFERROR(OFFSET(INDIRECT($A23),MATCH($B23,INDIRECT($A23),0)-1,1),"")} | D23: {=IFERROR(OFFSET(INDIRECT($A23),MATCH($B23,INDIRECT($A23),0)-1,2),"")} | F23: =IFERROR(E23*C23,"")
C24: {=IFERROR(OFFSET(INDIRECT($A24),MATCH($B24,INDIRECT($A24),0)-1,1),"")} | D24: {=IFERROR(OFFSET(INDIRECT($A24),MATCH($B24,INDIRECT($A24),0)-1,2),"")} | F24: =IFERROR(E24*C24,"")
C25: {=IFERROR(OFFSET(INDIRECT($A25),MATCH($B25,INDIRECT($A25),0)-1,1),"")} | D25: {=IFERROR(OFFSET(INDIRECT($A25),MATCH($B25,INDIRECT($A25),0)-1,2),"")} | F25: =IFERROR(E25*C25,"")
... C33: {=IFERROR(OFFSET(INDIRECT($A33),MATCH($B33,INDIRECT($A33),0)-1,1),"")} | D33: {=IFERROR(OFFSET(INDIRECT($A33),MATCH($B33,INDIRECT($A33),0)-1,2),"")} | F33: =IFERROR(E33*C33,"")
B34: Coût de la recette | C34: =SUM(F11:F33)+C36 -> 16.575333
B35: Coût par portion | C35: =C34/D8 -> 16.575333
B36: Labor Cost | C36: =H9*H6 -> 1.0833333 | D36: $total port. | E36: Coût total port. | F36: =(C36/D8)+C35 -> 17.658667
B37: Récipients | C37: Standard | G37: Détails:
B40: Présentation :
B43: Commentaires :

Sheet Laque Balsamique
B1: FICHE RECETTE | H1: Date:
B2: Votre nom:__________________
B4: Nom de la recette : | C4: Laque balsamique
J5: Convertisseur temps
B6: Standard : | C6: Qté: | F6: Temps de préparation | H6: =L6/L7 -> 0.083333333 | J6: 5 | L6: =J6*L7/J7 -> 8.3333333
B7: Rendement total: | C7: Rendement total: | F7: Temps de cuisson | J7: 60 | L7: 100
B8: Portion individuelle: | D8: 1 | F8: Température du four
F9: Salaire moyen | H9: 13
A10: Categories | B10: Ingrédients | C10: Coût un. | D10: Unité | E10: Quantité | F10: Coût total | G10: Préparation
A12: Sec | B12: Sucre fin | C12: {=IFERROR(OFFSET(INDIRECT($A12),MATCH($B12,INDIRECT($A12),0)-1,1),"")} -> 1.24 | D12: {=IFERROR(OFFSET(INDIRECT($A12),MATCH($B12,INDIRECT($A12),0)-1,2),"")} -> Kg | E12: 0.4 | F12: =IFERROR(E12*C12,"") -> 0.496
A13: Liquide | B13: Vinaigre balsamique | C13: {=IFERROR(OFFSET(INDIRECT($A13),MATCH($B13,INDIRECT($A13),0)-1,1),"")} -> 3.91 | D13: {=IFERROR(OFFSET(INDIRECT($A13),MATCH($B13,INDIRECT($A13),0)-1,2),"")} -> litre | E13: 1 | F13: =IFERROR(E13*C13,"") -> 3.91
C14: {=IFERROR(OFFSET(INDIRECT($A14),MATCH($B14,INDIRECT($A14),0)-1,1),"")} | D14: {=IFERROR(OFFSET(INDIRECT($A14),MATCH($B14,INDIRECT($A14),0)-1,2),"")} | F14: =IFERROR(E14*C14,"")
C15: {=IFERROR(OFFSET(INDIRECT($A15),MATCH($B15,INDIRECT($A15),0)-1,1),"")} | D15: {=IFERROR(OFFSET(INDIRECT($A15),MATCH($B15,INDIRECT($A15),0)-1,2),"")} | F15: =IFERROR(E15*C15,"")
C16: {=IFERROR(OFFSET(INDIRECT($A16),MATCH($B16,INDIRECT($A16),0)-1,1),"")} | D16: {=IFERROR(OFFSET(INDIRECT($A16),MATCH($B16,INDIRECT($A16),0)-1,2),"")} | F16: =IFERROR(E16*C16,"")
C17: {=IFERROR(OFFSET(INDIRECT($A17),MATCH($B17,INDIRECT($A17),0)-1,1),"")} | D17: {=IFERROR(OFFSET(INDIRECT($A17),MATCH($B17,INDIRECT($A17),0)-1,2),"")} | F17: =IFERROR(E17*C17,"")
C18: {=IFERROR(OFFSET(INDIRECT($A18),MATCH($B18,INDIRECT($A18),0)-1,1),"")} | D18: {=IFERROR(OFFSET(INDIRECT($A18),MATCH($B18,INDIRECT($A18),0)-1,2),"")} | F18: =IFERROR(E18*C18,"")
C19: {=IFERROR(OFFSET(INDIRECT($A19),MATCH($B19,INDIRECT($A19),0)-1,1),"")} | D19: {=IFERROR(OFFSET(INDIRECT($A19),MATCH($B19,INDIRECT($A19),0)-1,2),"")} | F19: =IFERROR(E19*C19,"")
C20: {=IFERROR(OFFSET(INDIRECT($A20),MATCH($B20,INDIRECT($A20),0)-1,1),"")} | D20: {=IFERROR(OFFSET(INDIRECT($A20),MATCH($B20,INDIRECT($A20),0)-1,2),"")} | F20: =IFERROR(E20*C20,"")
C21: {=IFERROR(OFFSET(INDIRECT($A21),MATCH($B21,INDIRECT($A21),0)-1,1),"")} | D21: {=IFERROR(OFFSET(INDIRECT($A21),MATCH($B21,INDIRECT($A21),0)-1,2),"")} | F21: =IFERROR(E21*C21,"")
C22: {=IFERROR(OFFSET(INDIRECT($A22),MATCH($B22,INDIRECT($A22),0)-1,1),"")} | D22: {=IFERROR(OFFSET(INDIRECT($A22),MATCH($B22,INDIRECT($A22),0)-1,2),"")} | F22: =IFERROR(E22*C22,"")
C23: {=IFERROR(OFFSET(INDIRECT($A23),MATCH($B23,INDIRECT($A23),0)-1,1),"")} | D23: {=IFERROR(OFFSET(INDIRECT($A23),MATCH($B23,INDIRECT($A23),0)-1,2),"")} | F23: =IFERROR(E23*C23,"")
C24: {=IFERROR(OFFSET(INDIRECT($A24),MATCH($B24,INDIRECT($A24),0)-1,1),"")} | D24: {=IFERROR(OFFSET(INDIRECT($A24),MATCH($B24,INDIRECT($A24),0)-1,2),"")} | F24: =IFERROR(E24*C24,"")
C25: {=IFERROR(OFFSET(INDIRECT($A25),MATCH($B25,INDIRECT($A25),0)-1,1),"")} | D25: {=IFERROR(OFFSET(INDIRECT($A25),MATCH($B25,INDIRECT($A25),0)-1,2),"")} | F25: =IFERROR(E25*C25,"")
... C33: {=IFERROR(OFFSET(INDIRECT($A33),MATCH($B33,INDIRECT($A33),0)-1,1),"")} | D33: {=IFERROR(OFFSET(INDIRECT($A33),MATCH($B33,INDIRECT($A33),0)-1,2),"")} | F33: =IFERROR(E33*C33,"")
B34: Coût de la recette | C34: =SUM(F11:F33)+C36 -> 5.4893333
B35: Coût par portion | C35: =C34/D8 -> 5.4893333
B36: Labor Cost | C36: =H9*H6 -> 1.0833333 | D36: $total port. | E36: Coût total port. | F36: =(C36/D8)+C35 -> 6.5726667
B37: Récipients | C37: Standard | G37: Détails:
B40: Présentation :
B43: Commentaires :
